 Dungeon Crawl Stone Soup version 0.31-a0-948-gf5be29c462 (webtiles) character file.

Game seed: 6032650066233764817

20633183 RepoMan the Heavyweight Champion (level 27, 687/687 HPs)
             Began as a Troll Fighter on Oct 18, 2023.
             Was the Champion of Wu Jian.
             Escaped with the Orb
             ... and 15 runes on Oct 21, 2023!
             The game lasted 09:52:17 (73951 turns).

RepoMan the Heavyweight Champion (Troll Fighter)   Turns: 73951, Time: 09:52:17

Health: 687/687    AC: 40    Str: 32    XL:     27
Magic:  35/35      EV: 20    Int: 16    God:    Wu Jian [******]
Gold:   11725      SH: 34    Dex: 21    Spells: 16/45 levels left

rFire   + +          .
                       - Unarmed
rCold   + + +        v - +9 tower shield of Hadjma {MP-9 Str+3 Int+2 Dex+6}
rNeg    + . .        P - melded +12 gold dragon scales
rPois   ∞            V - +2 hat {Will+}
rElec   +            i - scarf {shadows}
rCorr   .            (gloves unavailable)
SInv    +            (boots unavailable)
Will    +++..        D - amulet of the Wary Places {Regen+ SInv} Stlth
                     k - ring of Nuluriem {rElec rPois rF++ MP+9 Str-3 Dex+6}
HPRegen 2.94/turn    B - ring of Raront {rF+ rC+++ SInv}
MPRegen 0.24/turn

%: clarity
@: berserking, statue-form, studying 5 skills, quick
A: slow and powerful, torment resistance 1, boosted hp, large, unfitting armour,
claws 3, regeneration 1, (shaggy fur 1), (tough skin 1), (iridescent scales 1),
clarity, robust 1, electricity resistance, heat vulnerability 1
0: Orb of Zot
}: 15/15 runes: barnacled, slimy, silver, golden, iron, obsidian, icy, bone,
abyssal, demonic, glowing, magical, fiery, dark, gossamer
a: Begin Untransformation, Renounce Religion, Wall Jump, Serpent's Lash,
Heavenly Storm


You escaped.
You worshipped Wu Jian.
Wu Jian was exalted by your worship.
You were a living statue of rough stone.
You visited 18 branches of the dungeon, and saw 87 of its levels.
You visited Pandemonium 3 times, and saw 14 of its levels.
You visited the Abyss 1 time.
You visited 1 ziggurat, and saw 7 of its levels.
You also visited: Desolation.

You collected 13391 gold pieces.
You spent 1666 gold pieces at shops.

Inventory:

Hand Weapons
 r - the +13 sceptre of Asmodeus
   (You took it off Asmodeus on level 7 of Gehenna)

   Fire Summon: It may summon demons of flame and damnation when striking foes.
 J - the +3 Elemental Staff {ele, rElec rF+ rC+ AC+3}
   (You found it on level 5 of the Pits of Slime)

   AC+3:      It affects your AC (+3).
   rF+:       It protects you from fire.
   rC+:       It protects you from cold.
   rElec:     It insulates you from electricity.
Missiles
 g - 13 curare-tipped darts
 A - 4 throwing nets
Armour
 b - the +9 tower shield "Udatt" {rPois SInv}
   (You took it off a daeva in Pandemonium)

   rPois:     It protects you from poison SInv: It lets you see invisible.
 i - a scarf of shadows (worn)
 v - the +9 tower shield of Hadjma (worn) {MP-9 Str+3 Int+2 Dex+6}
   (You took it off Mennas in Pandemonium)

   Str+3:     It affects your strength (+3).
   Int+2:     It affects your intelligence (+2).
   Dex+6:     It affects your dexterity (+6).
   MP-9:      It affects your magic capacity (-9).
 H - the +3 crown of Dyrovepreva {rElec Int+2 SInv}
   (You acquired it on level 8 of the Dungeon)

   Int+2:     It affects your intelligence (+2).
   rElec:     It insulates you from electricity.
   SInv:      It lets you see invisible.
 P - +12 gold dragon scales (melded)
 V - a +2 hat of willpower (worn)
Jewellery
 c - a ring of willpower
 e - the ring of Harmony {rC- rN+ rCorr Dex+8}
   (You found it on level 5 of the Lair of Beasts)

   [ring of resist corrosion]

   Dex+8:     It affects your dexterity (+8).
   rC-:       It makes you vulnerable to cold.
   rN+:       It protects you from negative energy.
   rCorr:     It protects you from acid and corrosion.
 k - the ring of Nuluriem (left claw) {rElec rPois rF++ MP+9 Str-3 Dex+6}
   (You took it off a frost giant on level 5 of the Vaults)

   [ring of dexterity]

   Str-3:     It affects your strength (-3).
   Dex+6:     It affects your dexterity (+6).
   rF++:      It greatly protects you from fire.
   rElec:     It insulates you from electricity.
   rPois:     It protects you from poison MP+9: It affects your magic capacity
   (+9).
 z - the ring "Acetus" {rCorr Int+5}
   (You found it in Pandemonium)

   [ring of resist corrosion]

   Int+5:     It affects your intelligence (+5).
   rCorr:     It protects you from acid and corrosion.
 B - the ring of Raront (right claw) {rF+ rC+++ SInv}
   (You took it off a seraph in Pandemonium)

   [ring of see invisible]

   rF+:       It protects you from fire.
   rC+++:     It renders you almost immune to cold.
   SInv:      It lets you see invisible.
 D - the amulet of the Wary Places (around neck) {Regen+ SInv}
   (You found it in the Desolation of Salt)

   [amulet of regeneration]

   SInv:      It lets you see invisible.
   Regen+:    It increases your rate of health regeneration.
 F - the amulet of Sixtiobba {Spirit rC+ Will+}
   (You found it in Pandemonium)

   [amulet of guardian spirit]

   Spirit:    It causes incoming damage to be divided between your reserves of
   health and magic.
   rC+:       It protects you from cold.
   Will+:     It increases your willpower.
 Q - the ring of Lufafij {Wiz +Blink Fly}
   (You found it on level 7 of Tartarus)

   [ring of wizardry]

   Wiz:       It improves your spell success rate.
   Fly:       It grants you flight.
   +Blink:    It lets you blink.
Talismans
 n - a granite talisman (active)
Wands
 t - a wand of digging (25)
 G - a wand of paralysis (97)
 I - a wand of flame (94)
 W - a wand of quicksilver (41)
 Z - a wand of iceblast (41) (quivered)
Scrolls
 d - 8 scrolls of teleportation
 l - a scroll of revelation
 s - 4 scrolls of poison
 u - 7 scrolls of enchant armour
 x - 8 scrolls of vulnerability
 K - 6 scrolls of fear
 S - 9 scrolls of immolation
 X - 4 scrolls of silence
Potions
 f - 3 potions of cancellation
 j - 11 potions of ambrosia
 m - 10 potions of brilliance
 o - 18 potions of curing
 q - 7 potions of mutation
 w - 5 potions of enlightenment
 E - 2 potions of resistance
 L - 11 potions of lignification
 N - 5 potions of magic
 U - 3 potions of berserk rage
 Y - 3 potions of heal wounds
Miscellaneous
 a - a phial of floods
 h - a phantom mirror
 p - the horn of Geryon
 y - a figurine of a ziggurat
 R - a tin of tremorstones (2/2)
 T - a lightning rod (4/4)


   Skills:
 + Level 26.7 Fighting
 - Level 11.1 Armour
 + Level 14.5 Dodging
 + Level 24.7 Shields
 O Level 27 Unarmed Combat
 - Level 9.9 Spellcasting
 + Level 20.6 Translocations
 - Level 3.3 Air Magic
 - Level 9.9 Evocations
 - Level 25.0 Shapeshifting


You had 16 spell levels left.
You knew the following spells:

 Your Spells              Type           Power      Damage    Failure   Level
a - Manifold Assault      Tloc           65%        N/A       1%          4
b - Blink                 Tloc           100%       N/A       0%          2
g - Apportation           Tloc           100%       N/A       0%          1
l - Lesser Beckoning      Tloc           100%       N/A       0%          2
m - Iskenderun's Mystic   Conj/Tloc      40%        2d9       1%          4
p - Passwall              Tmut/Erth      5%         N/A       16%         2
v - Vhi's Electric Charg  Tloc/Air       92%        N/A       1%          4
w - Wereblood             Tmut           7%         N/A       16%         2
J - Disjunction           Tloc           32%        N/A       14%         8

Your spell library contained the following spells:

 Spells                   Type           Power      Damage    Failure   Level
 Gell's Gravitas          Tloc           65%        N/A       0%          3
 Teleport Other           Tloc           65%        N/A       0%          3
 Volatile Blastmotes      Fire/Tloc      80%        2d16      1%          3
 Dimensional Bullseye     Hex/Tloc       20%        N/A       1%          4
 Passage of Golubria      Tloc           65%        N/A       1%          4
 Dispersal                Tloc           32%        N/A       1%          6
 Summon Forest            Summ/Tloc      20%        N/A       4%          5
 Shock                    Conj/Air       52%        1d6       5%          1
 Poisonous Vapours        Pois/Air       26%        N/A       8%          2
 Static Discharge         Conj/Air       26%        3-5/arc   8%          2
 Swiftness                Air            18%        N/A       8%          3
 Cigotuvi's Dreadful Rot  Necr/Pois/Air  22%        N/A       10%         2
 Foxfire                  Conj/Fire      28%        2x1d5     11%         1
 Freeze                   Ice            28%        1d5       11%         1
 Kiss of Death            Conj/Necr      28%        2d7       11%         1
 Magic Dart               Conj           28%        1d4       11%         1
 Necrotise                Necr           28%        1d5       11%         1
 Sandblast                Erth           14%        2d6       11%         1
 Slow                     Hex            28%        N/A       11%         1
 Sting                    Tmut/Pois      28%        1d4       11%         1
 Summon Small Mammal      Summ           28%        N/A       11%         1
 Call Imp                 Summ           14%        N/A       16%         2
 Ensorcelled Hibernation  Hex/Ice        14%        N/A       16%         2
 Jinxbite                 Hex            14%        N/A       16%         2
 Scorch                   Fire           14%        2d5       16%         2
 Searing Ray              Conj           14%        2d5       16%         2
 Mephitic Cloud           Conj/Pois/Air  11%        N/A       21%         3
 Airstrike                Air            9%         2d(2-18)  26%         4
 Call Canine Familiar     Summ           7%         N/A       30%         3
 Confusing Touch          Hex            7%         N/A       30%         3
 Dazzling Flash           Conj/Hex       14%        N/A       30%         3
 Frozen Ramparts          Ice            14%        1d3       30%         3
 Hailstorm                Conj/Ice       7%         3d4       30%         3
 Ignite Poison            Fire/Tmut/Pois 7%         N/A       30%         3
 Inner Flame              Hex/Fire       7%         N/A       30%         3
 Ozocubu's Armour         Ice            7%         N/A       30%         3
 Sigil of Binding         Hex            7%         N/A       30%         3
 Stone Arrow              Conj/Erth      14%        3d7       30%         3
 Summon Guardian Golem    Hex/Summ       7%         N/A       30%         3
 Tukima's Dance           Hex            7%         N/A       30%         3
 Vampiric Draining        Necr           7%         2d6       30%         3
 Summon Lightning Spire   Summ/Air       13%        N/A       45%         4
 Anguish                  Hex/Necr       3%         N/A       71%         4
 Animate Armour           Summ/Erth      14%        N/A       71%         4
 Animate Dead             Necr           7%         N/A       71%         4
 Brom's Barrelling Bould  Conj/Erth      7%         2d3       71%         4
 Cause Fear               Hex            3%         N/A       71%         4
 Dispel Undead            Necr           7%         3d8       71%         4
 Flame Wave               Conj/Fire      7%         2d5       71%         4
 Fulminant Prism          Conj/Hex       3%         3d5       71%         4
 Leda's Liquefaction      Hex/Erth       3%         N/A       71%         4
 Olgreb's Toxic Radiance  Pois           7%         N/A       71%         4
 Petrify                  Tmut/Erth      7%         N/A       71%         4
 Sticky Flame             Conj/Fire      7%         2d3       71%         4
 Summon Ice Beast         Ice/Summ       7%         N/A       71%         4
 Arcjolt                  Conj/Air       6%         1d16      82%         5
 Silence                  Hex/Air        6%         N/A       82%         5
 Agony                    Necr           7%         N/A       96%         5
 Alistair's Intoxication  Tmut/Pois      4%         N/A       96%         5
 Fireball                 Conj/Fire      3%         3d4       96%         5
 Irradiate                Conj/Tmut      3%         3d12      96%         5
 Iskenderun's Battlesphe  Conj           7%         2d6       96%         5
 Lee's Rapid Deconstruct  Erth           3%         3d5*      96%         5
 Metabolic Englaciation   Hex/Ice        3%         N/A       96%         5
 Summon Mana Viper        Hex/Summ       7%         N/A       96%         5
 Yara's Violent Unravell  Hex/Tmut       3%         3d4       96%         5
 Bombard                  Conj/Erth      3%         9d1       100%        6
 Conjure Ball Lightning   Conj/Air       6%         3x3d6     100%        6
 Death Channel            Necr           3%         N/A       100%        6
 Eringya's Noxious Bog    Tmut/Pois      3%         4d6       100%        6
 Plasma Beam              Fire/Air       6%         2x1d17    100%        6
 Simulacrum               Ice/Necr       3%         N/A       100%        6
 Starburst                Conj/Fire      3%         6d3       100%        6
 Summon Cactus Giant      Summ           3%         N/A       100%        6
 Enfeeble                 Hex            3%         N/A       100%        7
 Haunt                    Necr/Summ      3%         N/A       100%        7
 Orb of Destruction       Conj           3%         9d5       100%        7
 Spellforged Servitor     Conj/Summ      3%         N/A       100%        7
 Summon Hydra             Summ           3%         N/A       100%        7
 Discord                  Hex            3%         N/A       100%        8
 Ignition                 Fire           3%         3d4       100%        8
 Infestation              Necr           3%         N/A       100%        8
 Lehudib's Crystal Spear  Conj/Erth      3%         10d3      100%        8
 Maxwell's Capacitive Co  Air            9%         ∞         100%        8
 Chain Lightning          Conj/Air       6%         3d8       100%        9
 Dragon's Call            Summ           3%         N/A       100%        9
 Fire Storm               Conj/Fire      3%         8d1       100%        9
 Polar Vortex             Ice            3%         N/A       100%        9
 Sublimation of Blood     Necr           Unusable   N/A       N/A         2

Dungeon Overview and Level Annotations

Branches:
Dungeon (15/15)            Temple (1/1) D:4            Lair (5/5) D:11
 Shoals (4/4) Lair:2       Spider (4/4) Lair:3        Slime (5/5) Lair:5
    Orc (2/2) D:11            Elf (3/3) Orc:2        Vaults (5/5) D:13
  Crypt (3/3) Vaults:3       Tomb (3/3) Crypt:3      Depths (4/4) D:15
   Hell (visited)             Dis (7/7) Hell            Geh (7/7) Hell
    Coc (7/7) Hell            Tar (7/7) Hell            Zot (5/5) Depths:4
Desolation (visited)

Altars:
Ashenzari
Cheibriados
Dithmenos
Elyvilon
Fedhas
Gozag
Hepliaklqana
Kikubaaqudgha
Makhleb
Nemelex Xobeh
Okawaru
Qazlal
Ru
Sif Muna
Trog
Uskayaw
Vehumet
Wu Jian
Xom
Yredelemnul
Zin
The Shining One
Jiyva

Shops:
D:12 (   Orc:2 =[*(   Elf:1 (   Shoals:3 [:

Portals:
Hell: Depths:1 Depths:2 Depths:3 Depths:4
Abyss: Depths:3
Pandemonium: Depths:2

Annotations:
D:8 6 transporters
Lair:3 2 transporters


Innate Abilities, Weirdness & Mutations

You are a living statue of rough stone.
Your actions are slow, but your melee attacks are powerful.
You are resistant to unholy torment.
Your maximum health is greatly increased.
Your equipment is partially melded.
You are too large for most types of armour.
You are immune to poison.
You have claws for hands.
Your natural rate of healing is unusually fast.
((You are covered in fur. (AC +1)))
((You have tough skin. (AC +1)))
((You are partially covered in iridescent scales. (AC +2)))
You possess an exceptional clarity of mind.
You are robust. (+10% HP)
You are resistant to electric shocks. (rElec)
You are vulnerable to heat. (rF-)


Message History

Charge where?
Press: ? - help, Dir - move target, f - Ice Fiend
Aim: an Ice Fiend (95% to hit)
You charge forward with an electric crackle!
You eviscerate the Ice Fiend and electrocute it!!!
The Ice Fiend is heavily wounded.
You block the Ice Fiend's attack. x2
The Ice Fiend calls on the powers of darkness!
Your body is wracked with pain!
You spin and attack the Ice Fiend repeatedly.
You claw the Ice Fiend!
The Ice Fiend is heavily wounded.
You eviscerate the Ice Fiend!!!
You kill the Ice Fiend!
The Council accepts your kill.
There is a stone staircase leading up here.
You climb upwards.
There is a stone staircase leading down here.
Magic restored.
There is a stone staircase leading up here.
HP restored.
You climb upwards.
There is a stone staircase leading down here.
Aiming: Dig
Press: ? - help, Shift-Dir - straight line You can't see that place. [a rock wall.]
The rock shatters into small pieces.
There is an escape hatch in the ceiling here.
A mysterious force pulls you upwards. The hatch slams shut behind you.
Blink to where?
Press: ? - help, Dir - move target
As you read the scroll of blinking, it crumbles to dust.
Okay, then.
As you read the scroll of butterflies, it crumbles to dust.
You hear the flapping of tiny wings.
A red film seems to cover your vision as you go berserk!
You feel yourself moving faster!
You feel mighty!
You feel a strong urge to attack something.
You have escaped! .......#..).# #PPPPPPP..PPPPP.... †......#..### #PPPPPP...PPPPPP..# .......#..# #PPPPP.....PPPPP..# †#####.#..# #PPP.bPPPPP..PPP..# .†..##.#..#####PPbPPP...PPP.PP..# .)..##.#.....##PPbPPbPPP.PP.PP..# .##....#.###.##PbPP.PP.PP.PP.P..# .##.####.# #.##PbPbPPbP.PP.P.P..# .........# #.##P8PbPbPPP.P.P..... ###...#### #.##PbPbPPbP.PP.P.P.##

###....###.##PbPPbPP.PP.PP.P.##
#........##PPbPP.PPP.PP.PP.##
##...######PPbPPP...PPP.PP.##
##...†..##PPP..PPPPP..PPP.##
##.###.##PPPPP.....PPPPP.## #.#


#.##PPPPPPPPPPPPPPP.## #.# #...PPPPPPPPPPPPPPP... There were no monsters in
sight!

Vanquished Creatures
  Cerebov (Pan)
  Antaeus (Coc:7)
  Asmodeus (Geh:7)
  the Royal Jelly (Slime:5)
  A seraph (Pan)
  Dissolution (Slime:2)
  Gloorx Vloq (Pan)
  Mnoleg (Pan)
  Ereshkigal (Tar:7)
  Lom Lobon (Pan)
  the Serpent of Hell (Tar:7)
  9 dread liches
  4 pandemonium lords (Pan)
  3 orbs of fire (Zot:5)
  Dispater (Dis:7)
  3 ancient liches
  Mennas (Pan)
  The ghost of Synox the Slayer, a legendary FoFi of Ru (Vaults:2)
  5 juggernauts
  30 royal mummies
  2 shard shrikes (Coc:7)
  9 Killer Klowns
  Xtahua (Crypt:1)
  Vv (Crypt:2)
  Geryon (Hell)
  3 curse toes
  21 caustic shrikes
  10 golden dragons
  Jory (Crypt:3)
  2 pearl dragons (Pan)
  8 profane servitors
  14 Tzitzimimeh
  Arachne (Spider:2)
  22 bone dragons
  13 doom hounds
  2 electric golems (Zot:5)
  18 Brimstone Fiends
  The ghost of Minguic the Brawler, an adept TrHW of Okawaru (Spider:3)
  14 iron giants
  8 hellephants
  Jorgrun (Spider:3)
  24 tentacled monstrosities
  12 liches
  29 Orb Guardians
  19 Hell Sentinels
  Grunn (Crypt:1)
  The ghost of Tok Vil the Marksminotaur, an adept MiHu of Okawaru (Elf:3)
  23 Ice Fiends
  8 quicksilver dragons
  16 tainted leviathans
  2 walking crystal tomes (Depths:2)
  A walking frostbound tome (Depths:4)
  A deep elf blademaster (Elf:2)
  12 titans
  21 searing wretches
  16 acid blobs
  10 sphinxes
  A deep elf master archer (Elf:3)
  An eldritch tentacle (Pan)
  11 Executioners
  34 ancient champions
  10 death cobs
  A kraken (Shoals:1)
  15 shadow dragons
  22 storm dragons
  4 tengu reavers
  9 draconian monks
  10 rockslimes
  15 daevas (Pan)
  8 revenants
  14 fire giants
  8 deep elf sorcerers
  11 azure jellies
  3 draconian knights
  4 demonspawn warmongers
  5 iron dragons
  12 narguns
  15 quicksilver elementals
  5 draconian scorchers
  4 imperial myrmidons (Desolation)
  41 balrugs
  16 frost giants
  3 deep elf elementalists (Elf:3)
  17 vault wardens
  9 emperor scorpions
  3 ghouls (Crypt:1)
  3 juggernaut zombies
  6 curse skulls
  3 draconian shifters
  The ghost of Zlot the Geomancer, a journeyman GrEE of Gozag (Orc:2)
  5 demonspawn corrupters (Pan)
  7 shard shrike simulacra
  4 orc warlords
  4 draconian stormcallers
  2 caustic shrike zombies
  A spectral juggernaut (Tar:4)
  9 ghost moths
  21 angels
  18 cacodemons
  3 spriggan defenders
  6 draconian annihilators
  13 quicksilver oozes
  24 ironbound preservers
  11 reapers
  2 caustic shrike skeletons (Tar:7)
  13 ophanim (Pan)
  23 war gargoyles
  A juggernaut skeleton (Crypt:1)
  16 stone giants
  2 formless jellyfish
  13 ironbound thunderhulks
  7 broodmothers
  16 vampire knights
  22 elemental wellsprings
  28 very ugly things
  15 green draconians
  28 apis (Pan)
  3 demonspawn black suns
  10 deep elf demonologists
  2 lorocyprocas
  11 putrid mouths
  Nessos (Lair:4)
  12 deep elf annihilators
  13 wendigos
  Azrael (Elf:1)
  13 black draconians
  10 white draconians
  17 dire elephants
  11 spark wasps
  14 purple draconians
  A halazid warlock (Desolation)
  The ghost of Dnvifnvgi the Blocker, a journeyman MiFi of Okawaru (D:12)
  13 red draconians
  6 bennus
  8 eidola
  16 deep elf death magi
  12 yellow draconians
  15 iron golems
  3 crystal guardians
  Snorg (D:14)
  10 ettins
  15 blizzard demons
  10 merfolk impalers
  10 fire dragons
  10 green deaths (Pan)
  3 merfolk javelineers
  14 jiangshi
  22 mummy priests
  6 entropy weavers
  Josephine (Orc:1)
  13 great orbs of eyes
  5 deep elf high priests
  A spectral golden dragon (Tar:4)
  9 ogre magi
  7 ragged hierophants (Desolation)
  3 hydras
  10 rakshasas
  2 hell beasts
  43 vault guards
  10 ironbound frosthearts
  3 spriggan zombies
  7 caustic shrike simulacra
  8 ice dragons
  5 servants of whispers (Desolation)
  A spriggan air mage (Pan)
  20 yaktaur captains
  An anaconda (shapeshifter) (Depths:3)
  7 salamander tyrants
  19 centaur warriors
  7 peacekeepers
  A satyr (Shoals:3)
  A spriggan skeleton (Hell)
  3 radroaches
  5 merfolk avatars
  9 juggernaut simulacra
  7 stokers
  An alligator snapping turtle (Shoals:2)
  44 dancing weapons
  46 death scarabs
  A spectral human (Tar:1)
  The ghost of BinkBink the Unseen, a journeyman SpMo of Dithmenos (D:10)
  5 death yaks (Lair:4)
  4 tengu warriors
  7 boulder beetles
  5 death knights
  5 merfolk aquamancers
  11 two-headed ogres
  39 hell hogs
  10 vampire magi
  6 deep troll shamans
  4 spriggan berserkers
  2 thrashing horrors
  4 orc high priests
  6 deep troll earth magi
  13 demonic crawlers
  A spectral dire elephant (Tar:1)
  12 deep elf knights
  10 hell knights
  3 spectral emperor scorpions
  52 sun demons
  A wretched star (Zig:5)
  2 spectral ghost moths (Spider:3)
  3 pharaoh ants (Spider:2)
  5 crystal echidnas
  8 skysharks
  23 soul eaters
  38 shadow wraiths
  13 sixfirhies
  4 iron trolls
  A spark wasp zombie (Crypt:1)
  2 sun moths
  67 skeletal warriors
  14 cherubim (Pan)
  10 arcanists
  8 sea snakes
  2 spectral spark wasps (Spider:3)
  A goliath frog (shapeshifter) (Elf:1)
  5 orb spiders
  A goliath frog (Lair:5)
  10 glowing orange brains
  12 shadow demons
  14 large abominations
  2 spectral iron dragons
  5 quicksilver dragon simulacra
  An anaconda zombie (Crypt:3)
  12 deep elf archers
  5 flayed ghosts
  2 iron giant skeletons
  62 deep trolls
  11 ironbound convokers
  4 spriggan simulacra
  A shadow dragon zombie (Crypt:2)
  3 occultists
  26 harpies
  10 steelbarb worms
  A bog body (Crypt:1)
  An iron dragon zombie (Crypt:3)
  18 orc knights
  2 obsidian statues (Zot:5)
  3 fenstrider witch simulacra
  8 lindwurms
  A tengu zombie (Vaults:3)
  20 phantasmal warriors
  21 wolf spiders
  25 deep elf zephyrmancers
  36 deep elf pyromancers
  5 fauns (Shoals:1)
  2 lindwurms (shapeshifter)
  An eleionoma zombie (Crypt:2)
  8 necromancers
  7 manticores
  6 cyclopes
  A shadow dragon skeleton (Hell)
  6 orc sorcerers
  A stone giant zombie (Crypt:3)
  An oklob plant (Lair:5)
  A wolf spider zombie (Crypt:1)
  5 shining eyes
  An iron dragon skeleton (Crypt:2)
  A spectral centaur (Tar:1)
  40 ugly things
  38 moths of wrath
  3 salamanders (Depths:3)
  5 elephants (Zot:2)
  2 centaur zombies (Crypt:2)
  An apocalypse crab (Abyss:3)
  10 merfolk sirens
  A torpor snail (shapeshifter) (Depths:4)
  14 smoke demons
  18 cane toads
  2 eyes of devastation (Slime:5)
  3 black mambas
  2 dire elephant zombies
  2 titan simulacra
  3 elf zombies
  10 water nymphs
  6 rust devils (Hell)
  22 vault sentinels
  A fire giant skeleton (Zig:7)
  3 guardian serpents (Desolation)
  A dire elephant skeleton (Pan)
  6 molten gargoyles
  4 torpor snails
  27 hellions
  5 centaur skeletons
  16 orange demons (Pan)
  Jeremiah (D:8)
  A cane toad (shapeshifter) (Elf:3)
  5 rime drakes
  A black draconian zombie (Crypt:3)
  A redback zombie (Crypt:2)
  7 komodo dragons
  A spark wasp simulacrum (Spider:3)
  2 anaconda simulacra
  16 freezing wraiths
  5 efreet
  29 yaktaurs
  3 bunyip simulacra
  3 iron giant simulacra
  6 ice devils
  4 spectral nagas
  18 tormentors
  An ancient zyme (Zig:5)
  47 guardian mummies
  2 tengu conjurers (Depths:2)
  A green draconian skeleton (Crypt:3)
  2 silent spectres
  2 spectral harpies (Tar:4)
  A minotaur skeleton (Crypt:1)
  A yaktaur skeleton (Vaults:3)
  A sea snake skeleton (Crypt:1)
  2 golden dragon simulacra (Coc:7)
  4 harpy zombies
  9 trolls
  2 red devils
  7 meliai
  2 shadow dragon simulacra (Coc:1)
  10 wind drakes
  17 hellwings
  26 merfolk
  4 polar bears
  25 tarantellas
  2 jorogumo simulacra (Spider:3)
  An ettin zombie (Crypt:2)
  A harpy skeleton (Crypt:2)
  5 hornets
  An iron dragon simulacrum (Coc:4)
  Grinder (D:3)
  A meliai zombie (Crypt:3)
  51 saltlings (Desolation)
  26 blink frogs
  An ice dragon zombie (Crypt:1)
  A glass eye (Pan)
  16 dream sheep
  8 snapping turtles
  3 stone giant simulacra
  A black mamba zombie (Tomb:1)
  68 slime creatures
  A guardian serpent skeleton (Crypt:3)
  A culicivora (shapeshifter) (Vaults:5)
  A jumping spider (shapeshifter) (Elf:3)
  A slime creature (shapeshifter) (Vaults:5)
  11 air elementals
  19 culicivoras
  20 flying skulls
  A shadow (D:12)
  5 spriggans
  35 jumping spiders
  3 ettin skeletons
  A wyvern (shapeshifter) (Elf:3)
  3 wyverns
  3 centaur simulacra
  26 ushabtiu
  27 yaks
  8 ynoxinuls
  Eustachio (D:5)
  8 dire elephant simulacra
  15 wraiths
  A spriggan (shapeshifter) (Abyss:1)
  6 humans (Zot:2)
  3 basilisks
  A black mamba skeleton (Pan)
  4 fire bats (Abyss:3)
  6 fire elementals
  15 water elementals
  An alligator snapping turtle simulacrum (Coc:1)
  A fire bat (shapeshifter) (Elf:3)
  10 chaos spawn
  14 neqoxecs
  2 steam dragons
  A wind drake skeleton (Crypt:2)
  53 redbacks
  14 vampire mosquitoes
  A merfolk zombie (Crypt:2)
  5 wargs
  3 acid dragons
  15 harpy simulacra
  2 naga zombies (Tar:7)
  10 water moccasins
  3 hell hounds (Elf:1)
  A human skeleton (Vaults:3)
  8 hydra simulacra
  44 orc warriors
  An elephant zombie (Crypt:2)
  2 ice beasts (D:7)
  3 naga skeletons
  A swamp dragon zombie (Tomb:1)
  5 black bears
  2 manticore zombies
  A sky beast (D:6)
  19 wolves
  3 ettin simulacra
  7 centaurs
  A wolf (shapeshifter) (Vaults:5)
  A boggart (Elf:1)
  A black mamba simulacrum (Coc:1)
  15 ogres
  A swamp dragon skeleton (Crypt:2)
  A dream sheep skeleton (Crypt:1)
  2 phantoms (D:5)
  2 kobold brigands
  14 bullfrogs
  A naga simulacrum (Coc:7)
  A cyclops zombie (Crypt:3)
  A necrophage (Crypt:1)
  A salamander skeleton (Crypt:1)
  2 gnoll sergeants
  4 scorpions
  A water moccasin zombie (Crypt:3)
  A wyvern skeleton (Crypt:3)
  2 earth elementals (Elf:1)
  3 wights (D:8)
  14 killer bees (D:9)
  A troll skeleton (Crypt:2)
  4 howler monkeys (D:10)
  6 electric eels
  22 orc priests
  2 hounds
  8 jellies
  7 iguanas
  Terence (D:2)
  26 orc wizards
  14 hell rats
  A sky beast zombie (Crypt:1)
  A hound zombie (Crypt:2)
  52 mummies
  14 gnolls
  6 adders
  2 adders (shapeshifter) (Elf:3)
  A shadow imp (D:6)
  A steam dragon skeleton (Crypt:2)
  A white imp (D:6)
  3 dart slugs
  66 orcs
  7 endoplasms
  3 giant cockroaches
  2 goblins (shapeshifter) (Elf:3)
  5 goblins
  6 hobgoblins
  4 quokkas
  7 ball pythons
  3 bats
  2 frilled lizards (D:1)
  2 frilled lizard skeletons
  13 kobolds
  2 kobolds (shapeshifter) (Elf:3)
  6 rats
  2 creeping infernos
  6 fire vortices (Geh:5)
  A lurking horror (Abyss:3)
  3 tentacles (Shoals:1)
3960 creatures vanquished.

Vanquished Creatures (others)
  2 juggernaut simulacra
  A hell hog (Hell)
  A deep elf knight (Elf:1)
  A cherub (Pan)
  A quicksilver dragon simulacrum (Coc:3)
  A deep elf pyromancer (Elf:1)
  An orc sorcerer (Orc:1)
  A molten gargoyle (Hell)
  A smoke demon (Pan)
  An unseen horror (D:11)
  2 titan simulacra
  An anaconda simulacrum (Coc:4)
  2 dire elephant simulacra
  An ettin simulacrum (Coc:3)
  A naga simulacrum (Coc:2)
  2 hell rats (Hell)
  A white imp (Geh:1)
  A creeping inferno (Geh:5)
  19 tentacles (Shoals:1)
41 creatures vanquished.

Grand Total: 4001 creatures vanquished

Notes
Turn   | Place    | Note
-------+----------+-------------------------------------------
     0 | D:1      | RepoMan the Troll Fighter began the quest for the Orb.
     0 | D:1      | Reached XP level 1. HP: 22/22 MP: 0/0
   154 | D:1      | Reached XP level 2. HP: 29/29 MP: 1/1
   823 | D:2      | Reached skill level 3 in Unarmed Combat
   823 | D:2      | Reached XP level 3. HP: 36/36 MP: 2/2
   981 | D:2      | Found a shimmering altar of Xom.
  1023 | D:2      | Noticed Terence
  1787 | D:3      | Noticed Grinder
  1792 | D:3      | Paralysed by Grinder for 2 turns
  1811 | D:3      | Killed Grinder
  1812 | D:3      | Reached skill level 4 in Unarmed Combat
  1812 | D:3      | Reached XP level 4. HP: 44/45 MP: 3/3
  1812 | D:3      | Reached XP level 5. HP: 52/53 MP: 4/4
  1938 | D:3      | Found a sacrificial altar of Ru.
  2007 | D:3      | Reached XP level 6. HP: 61/61 MP: 5/5
  2283 | D:4      | Reached skill level 5 in Unarmed Combat
  2562 | D:4      | Found a staircase to the Ecumenical Temple.
  2582 | Temple   | Entered the Ecumenical Temple
  2596 | Temple   | Became a worshipper of the Wu Jian Council
  2756 | D:5      | Entered Level 5 of the Dungeon
  2833 | D:5      | Reached XP level 7. HP: 68/68 MP: 6/6
  2913 | D:5      | Reached skill level 6 in Unarmed Combat
  2942 | D:5      | Found a shimmering altar of Xom.
  2944 | D:5      | Noticed an angel
  2964 | D:5      | Found a glowing silver altar of Zin.
  3139 | D:5      | Noticed Eustachio
  3145 | D:5      | Killed Eustachio
  3146 | D:5      | Reached skill level 5 in Shields
  3146 | D:5      | Reached XP level 8. HP: 79/79 MP: 7/7
  3164 | D:5      | Reached skill level 7 in Unarmed Combat
  3179 | D:5      | Found an iron altar of Okawaru.
  3288 | D:5      | Found an ancient bone altar of Kikubaaqudgha.
  3317 | D:5      | Reached * piety under Wu Jian
  3643 | D:6      | Reached skill level 5 in Fighting
  3690 | D:6      | Learned a level 2 spell: Blink
  3710 | D:6      | Reached skill level 8 in Unarmed Combat
  3855 | D:6      | Found a hide-covered altar of Uskayaw.
  4020 | D:6      | Reached XP level 9. HP: 77/88 MP: 8/8
  4756 | D:7      | Reached skill level 9 in Unarmed Combat
  5082 | D:8      | Identified the "Xyreig"
  5135 | D:8      | Found a transporter.
  5142 | D:8      | Found a transporter.
  5182 | D:8      | Identified the +3 leather armour of the Nexus {Int+3}
  5190 | D:8      | Reached ** piety under Wu Jian
  5290 | D:8      | Noticed Jeremiah
  5301 | D:8      | Killed Jeremiah
  5325 | D:8      | Found a transporter.
  5331 | D:8      | Found a transporter.
  5357 | D:8      | Reached skill level 10 in Unarmed Combat
  5358 | D:8      | Found a transporter.
  5371 | D:8      | Found a transporter.
  5599 | D:8      | Found a shimmering blue altar of Sif Muna.
  5610 | D:8      | Reached XP level 10. HP: 95/98 MP: 9/9
  5667 | D:8      | Noticed a boulder beetle
  5667 | D:8      | Noticed a deep elf pyromancer
  5681 | D:8      | Found a runed translucent door.
  5681 | D:8      | Noticed a cyclops
  5683 | D:8      | Noticed a skeletal warrior
  5683 | D:8      | Noticed a skeletal warrior
  5683 | D:8      | Noticed a centaur warrior
  5835 | D:9      | You fall into a shaft and drop 2 floors!
  5959 | D:10     | Entered Level 10 of the Dungeon
  6049 | D:9      | Found a stormy altar of Qazlal.
  6225 | D:9      | Found a shadowy altar of Dithmenos.
  6620 | D:9      | Reached *** piety under Wu Jian
  6994 | D:10     | Reached skill level 11 in Unarmed Combat
  7062 | D:10     | Found a large runed translucent door.
  7062 | D:10     | Found a large runed translucent door.
  7064 | D:10     | Noticed BinkBink's ghost (journeyman SpMo)
  7091 | D:10     | Identified the +10 dagger of Doher {vamp, rC+}
  7195 | D:10     | Reached skill level 5 in Dodging
  7374 | D:10     | Noticed a phantasmal warrior
  7376 | D:10     | Noticed a death knight
  7519 | D:10     | Killed a phantasmal warrior
  7574 | D:10     | Killed a death knight
  7575 | D:10     | Reached XP level 11. HP: 103/109 MP: 10/10
  7765 | D:11     | Noticed a two-headed ogre
  7848 | D:11     | Found a staircase to the Lair.
  7885 | D:11     | Killed a two-headed ogre
  8062 | D:11     | Found a staircase to the Orcish Mines.
  8062 | D:11     | Noticed a two-headed ogre
  8080 | D:11     | Reached skill level 12 in Unarmed Combat
  8084 | D:11     | Killed a two-headed ogre
  8175 | D:11     | Noticed a two-headed ogre
  8183 | D:11     | Killed a two-headed ogre
  8188 | D:11     | Found an opulent altar of Gozag.
  8387 | Lair:1   | Entered Level 1 of the Lair of Beasts
  8468 | Lair:1   | Noticed a skyshark
  8473 | Lair:1   | Killed a skyshark
  8661 | Lair:1   | Reached **** piety under Wu Jian
  8874 | Lair:1   | Reached skill level 13 in Unarmed Combat
  9041 | Lair:1   | Reached XP level 12. HP: 111/119 MP: 11/11
  9103 | Lair:1   | Found the +4 skin of Zhor {*Englaciate rC+++ SInv}
  9616 | Lair:2   | Found a staircase to the Shoals.
 10249 | Lair:3   | Reached skill level 14 in Unarmed Combat
 10376 | Lair:3   | Found a hole to the Spider Nest.
 10883 | Lair:3   | Found a transporter.
 10884 | Lair:3   | Found a transporter.
 10885 | Lair:3   | Noticed a boulder beetle
 10888 | Lair:3   | Identified the +2 leather armour "Qyqitzou" {Will+ Dex+2}
 11260 | Lair:4   | Reached ***** piety under Wu Jian
 11271 | Lair:4   | Reached skill level 10 in Shields
 11286 | Lair:4   | Reached XP level 13. HP: 131/131 MP: 12/12
 11389 | Lair:4   | Noticed Nessos
 11399 | Lair:4   | Killed Nessos
 11430 | Lair:4   | Reached skill level 15 in Unarmed Combat
 11947 | Lair:5   | Entered Level 5 of the Lair of Beasts
 12809 | Lair:5   | Reached skill level 10 in Fighting
 12814 | Lair:5   | Identified the +0 war axe of Annoyance {freeze, Str+4}
 12817 | Lair:5   | Identified the ring of Harmony {rC- rN+ rCorr Dex+8}
 12943 | Lair:5   | Found a viscous altar of Jiyva.
 12943 | Lair:5   | Found a staircase to the Slime Pits.
 13007 | Lair:5   | Reached skill level 16 in Unarmed Combat
 13033 | Lair:5   | Found a shadowy altar of Dithmenos.
 13239 | Orc:1    | Entered Level 1 of the Orcish Mines
 13260 | Orc:1    | Reached XP level 14. HP: 122/143 MP: 13/13
 13492 | Orc:2    | Entered Level 2 of the Orcish Mines
 13640 | Orc:2    | Found a staircase to the Elven Halls.
 13777 | Orc:1    | Noticed Josephine
 13786 | Orc:1    | Killed Josephine
 13895 | Orc:2    | Found Toraonn's Antique Weapon Boutique.
 13895 | Orc:2    | Found Tofoarot's Assorted Antiques.
 13896 | Orc:2    | Found Ozai's Antique Armour Emporium.
 13896 | Orc:2    | Found Ywakuor's Jewellery Emporium.
 13928 | Orc:2    | Bought a scroll of identify for 42 gold pieces
 13929 | Orc:2    | Bought a scroll of immolation for 84 gold pieces
 14038 | Orc:2    | Found a transporter.
 14041 | Orc:2    | Noticed Zlot's ghost (journeyman GrEE)
 14052 | Orc:2    | Found a transporter.
 14385 | Orc:2    | Bought the amulet "Pesu" {RegenMP rElec rPois rN+ Str-3}
                  | for 645 gold pieces
 14396 | Orc:2    | Upgraded the game from 0.31-a0-924-ge39a22a033 to
                  | 0.31-a0-931-g7b59d4eb97
 14399 | Orc:2    | Bought an ichor-stained staff for 252 gold pieces
 14399 | Orc:2    | Identified the staff "Wuruti Wuleff" {Str+4 Conj} (You
                  | bought it in a shop on level 2 of the Orcish Mines)
 14656 | D:12     | Found Kusigge's Weapon Shoppe.
 14722 | D:12     | Found a runed translucent door.
 14722 | D:12     | Noticed Dnvifnvgi's ghost (journeyman MiFi)
 15548 | D:13     | Reached skill level 17 in Unarmed Combat
 16183 | D:13     | Found a gate to the Vaults.
 16386 | D:14     | Reached XP level 15. HP: 120/152 MP: 14/14
 16445 | D:14     | Noticed Snorg
 16456 | D:14     | Killed Snorg
 16922 | D:15     | Entered Level 15 of the Dungeon
 16927 | D:15     | Reached ****** piety under Wu Jian
 16978 | D:15     | Found an ancient bone altar of Kikubaaqudgha.
 17659 | D:15     | Reached skill level 18 in Unarmed Combat
 17677 | D:15     | Found a staircase to the Depths.
 17677 | D:15     | Noticed a frost giant
 17687 | D:15     | Killed a frost giant
 17872 | Shoals:4 | Identified the "Aserani"
 17872 | Vaults:5 | Identified the "Woampet"
 17872 | Vaults:5 | Identified the of Imonon
 17872 | Crypt:3  | Identified the "Wogolyotu"
 17872 | Desolati | Identified the of Dusyph
 17872 | Desolati | Identified the "Nius"
 17872 | Desolati | Identified the "Zekikugg"
 17872 | Elf:1    | Entered Level 1 of the Elven Halls
 18008 | Elf:1    | Found a crumbling gateway.
 18019 | Elf:1    | Found a glowing silver altar of Zin.
 18019 | Elf:1    | Found a white marble altar of Elyvilon.
 18021 | Elf:1    | Found a glowing golden altar of the Shining One.
 18038 | Desolati | Entered the Desolation of Salt
 18337 | Desolati | Noticed an imperial myrmidon
 18337 | Desolati | Noticed an imperial myrmidon
 18346 | Desolati | Killed an imperial myrmidon
 18346 | Desolati | Killed an imperial myrmidon
 18388 | Desolati | Identified the ring "Eheysyn" {Str+6 Int+3}
 18406 | Desolati | Reached skill level 19 in Unarmed Combat
 18420 | Desolati | Reached XP level 16. HP: 151/165 MP: 15/15
 18429 | Desolati | Identified the +3 leather armour of Stoicism {rF+ rN+
                  | Regen+ Str+3}
 18824 | Desolati | Identified the amulet of the Wary Places {Regen+ SInv}
 19322 | Elf:1    | Found a shimmering blue altar of Sif Muna.
 19428 | Elf:1    | Found Lofic's Antique Weapon Emporium.
 19681 | Elf:1    | Noticed Azrael
 19693 | Elf:1    | Killed Azrael
 19772 | Elf:1    | Reached skill level 20 in Unarmed Combat
 20109 | Elf:2    | Found a runed translucent gate.
 20109 | Elf:2    | Found a runed translucent gate.
 20109 | Elf:2    | Found a runed translucent gate.
 20527 | Elf:2    | Paralysed by an air elemental for 1 turns
 20532 | Elf:2    | Found a radiant altar of Vehumet.
 20706 | Elf:3    | Entered Level 3 of the Elven Halls
 21100 | Elf:2    | Noticed a deep elf blademaster
 21102 | Elf:2    | Reached XP level 17. HP: 67/175 MP: 16/16
 21526 | Elf:3    | Noticed a deep elf master archer
 21528 | Elf:3    | Killed a deep elf master archer
 21530 | Elf:3    | Killed a ghostly deep elf master archer
 21719 | Elf:3    | Reached skill level 21 in Unarmed Combat
 21767 | Elf:3    | Found a runed translucent gate.
 21767 | Elf:3    | Found a runed translucent gate.
 21767 | Elf:3    | Found a runed translucent gate.
 21767 | Elf:3    | Noticed a tentacled monstrosity
 21767 | Elf:3    | Noticed a tentacled monstrosity
 21770 | Elf:3    | Noticed a tentacled monstrosity
 21999 | Elf:3    | Identified the +9 trident "Ysenif" {freeze, Int+5}
 22113 | Elf:3    | Identified the amulet of Ariostroe {Reflect Dex+5 SH+5}
 22118 | Elf:3    | Identified the staff of the Scorching Seer {Contam rF++
                  | Earth}
 22130 | Elf:3    | Identified the +0 chain mail of Utrupysh {-Tele MP+9 Str+3
                  | Int+3}
 22139 | Elf:3    | Identified the +0 shortbow of Impish Expedience {flame, rN+
                  | Str+6 Dex+2}
 22139 | Elf:3    | Identified the staff "Miprakel" {rElec rC+ Dex+2 SInv Air}
 22273 | Elf:3    | Found the +3 pair of seven-league boots {Rampage+∞}
 22305 | Elf:3    | Identified the +10 quarterstaff "Taykac" {elec, Will+
                  | Str+3}
 22308 | Elf:3    | Identified the +4 glaive "Buatyit" {flame, rElec Str+3}
 22503 | Elf:3    | Identified a scroll of acquirement
 22556 | Elf:3    | Killed a tentacled monstrosity
 22676 | Elf:3    | Killed a tentacled monstrosity
 22727 | Elf:3    | Killed a tentacled monstrosity
 22774 | Elf:3    | Found a runed translucent gate.
 22774 | Elf:3    | Found a runed translucent gate.
 22776 | Elf:3    | Found a runed translucent gate.
 22792 | Elf:3    | Noticed Tok Vil's ghost (adept MiHu)
 22807 | Elf:3    | Upgraded the game from 0.31-a0-931-g7b59d4eb97 to
                  | 0.31-a0-934-gf4fcaacff8
 23031 | Spider:1 | Entered Level 1 of the Spider Nest
 23045 | Spider:1 | Reached skill level 1 in Spellcasting
 23045 | Spider:1 | Reached XP level 18. HP: 185/187 MP: 16/19
 23588 | Spider:1 | You fall into a shaft and drop 1 floor!
 24353 | Spider:1 | Reached XP level 19. HP: 101/196 MP: 19/21
 24477 | Spider:2 | Reached skill level 15 in Shields
 24579 | Spider:2 | Reached skill level 22 in Unarmed Combat
 24903 | Spider:2 | Noticed Arachne
 24910 | Spider:2 | Killed Arachne
 26075 | Spider:3 | Identified the +1 quarterstaff of the Slashing Goat {flame,
                  | rPois}
 26458 | Spider:3 | Found a runed translucent gate.
 26459 | Spider:3 | Found a runed translucent gate.
 26460 | Spider:3 | Found a runed translucent gate.
 26466 | Spider:3 | Noticed Minguic's ghost (adept TrHW)
 26651 | Spider:3 | Identified the +1 robe of Conscience {Will++ Regen+}
 26687 | Spider:3 | Noticed Jorgrun
 26698 | Spider:3 | Killed Jorgrun
 26895 | Spider:4 | Entered Level 4 of the Spider Nest
 28267 | Spider:4 | Reached skill level 5 in Translocations
 28301 | Spider:4 | Got a gossamer rune of Zot
 28486 | Shoals:1 | Entered Level 1 of the Shoals
 28773 | Shoals:1 | Reached skill level 23 in Unarmed Combat
 29289 | Shoals:2 | Reached XP level 20. HP: 208/208 MP: 23/23
 29518 | Shoals:2 | You fall into a shaft and drop 1 floor!
 29590 | Shoals:3 | Found Duxas's Armour Emporium.
 29642 | Shoals:3 | Found Kushrafry's Self-Improvement Boutique.
 30102 | Shoals:4 | Entered Level 4 of the Shoals
 30138 | Shoals:4 | Paralysed by an air elemental for 1 turns
 30212 | Shoals:4 | Reached skill level 15 in Fighting
 30436 | Shoals:4 | Got a barnacled rune of Zot
 30447 | Shoals:4 | Paralysed by an air elemental for 1 turns
 30539 | Shoals:4 | Reached skill level 24 in Unarmed Combat
 30548 | Shoals:4 | Paralysed by an air elemental for 1 turns
 31565 | Vaults:1 | Entered Level 1 of the Vaults
 32954 | Vaults:1 | Reached skill level 25 in Unarmed Combat
 32954 | Vaults:1 | Reached XP level 21. HP: 121/221 MP: 24/24
 33525 | Vaults:2 | Found a runed translucent door.
 33525 | Vaults:2 | Noticed Synox's ghost (legendary FoFi)
 34910 | Vaults:3 | Reached skill level 26 in Unarmed Combat
 34917 | Vaults:3 | Identified the ring "Luganew" {rElec rPois Int+6 Dex+4
                  | Slay-2}
 35365 | Vaults:3 | Found a staircase to the Crypt.
 35714 | Vaults:3 | Reached XP level 22. HP: 217/235 MP: 25/25
 36408 | Vaults:4 | Reached skill level 27 in Unarmed Combat
 36987 | Vaults:4 | Acquired a manual of Spellcasting
 36989 | Vaults:4 | Acquired 506 gold pieces
 37077 | Vaults:4 | Reached skill level 1 in Armour
 37367 | Vaults:4 | Reached XP level 23. HP: 247/247 MP: 26/26
 37406 | Crypt:1  | Entered Level 1 of the Crypt
 37636 | Crypt:1  | Noticed Xtahua
 37641 | Crypt:1  | Killed Xtahua
 37798 | Crypt:1  | Noticed Grunn
 37835 | Crypt:1  | Killed Grunn
 38676 | Crypt:2  | Reached skill level 5 in Armour
 39145 | Crypt:2  | Noticed Vv
 39162 | Crypt:3  | Entered Level 3 of the Crypt
 39544 | Crypt:3  | Reached XP level 24. HP: 213/258 MP: 26/26
 39759 | Crypt:3  | Found a staircase to the Tomb.
 40250 | Crypt:3  | Found an ancient bone altar of Kikubaaqudgha.
 40440 | Crypt:3  | Found the +3 greatsling "Punk" {acid, rCorr}
 40658 | Crypt:3  | Noticed Jory
 40663 | Crypt:3  | Killed Jory
 40811 | Crypt:3  | Found the +8 demon blade "Leech" {evervamp, Harm Drain rN+}
 41414 | D:2      | Killed Terence
 41531 | D:8      | Identified the +1 plate armour of Jausuv {rN+ Dex+5}
 41534 | D:8      | Identified the ring of Ege Pess {Wiz rPois}
 41545 | D:8      | Acquired the +3 crown of Dyrovepreva {rElec Int+2 SInv}
 41545 | D:8      | Found the +3 crown of Dyrovepreva {rElec Int+2 SInv}
 41651 | D:10     | Killed BinkBink's ghost
 41731 | D:12     | Killed Dnvifnvgi's ghost
 41854 | Orc:2    | Killed Zlot's ghost
 41955 | Orc:2    | Bought the +2 cloak of the Thief {*Fog Slay-2 SInv Stlth+}
                  | for 643 gold pieces
 41955 | Orc:2    | Found the +2 cloak of the Thief {*Fog Slay-2 SInv Stlth+}
 42243 | Spider:3 | Killed Minguic's ghost
 43039 | Elf:3    | Killed Tok Vil's ghost
 43274 | D:8      | Learned a level 1 spell: Apportation
 43465 | Elf:3    | Identified the +2 cloak of Day {*Corrode rF- rN+++ Int+3}
 43808 | Vaults:2 | Killed Synox's ghost
 43817 | Vaults:2 | Identified the amulet of the Oligarchy {Reflect Harm rF-
                  | Int-4 SH+5 Stlth+}
 44115 | Depths:1 | Entered Level 1 of the Depths
 44215 | Depths:1 | Reached skill level 1 in Evocations
 44235 | D:15     | Learned a level 2 spell: Lesser Beckoning
 44296 | Depths:1 | Reached XP level 25. HP: 221/270 MP: 26/26
 44488 | Depths:1 | Found a gateway to Hell.
 44644 | Depths:1 | Found a broken altar of Ashenzari.
 44649 | Depths:1 | You fall into a shaft and drop 1 floor!
 45032 | Depths:2 | Found a one-way gate leading to the halls of Pandemonium.
 45119 | Depths:2 | Reached XP level 26. HP: 274/279 MP: 26/26
 46275 | Depths:3 | Found a stormy altar of Qazlal.
 46428 | Depths:3 | Found a one-way gate to the infinite horrors of the Abyss.
 46604 | Depths:3 | Reached skill level 5 in Evocations
 46757 | Depths:3 | Noticed a juggernaut
 46777 | Depths:3 | Killed a juggernaut
 46798 | Depths:3 | Identified the +6 hand axe of Tumult {pain, rElec Str-3
                  | Dex+6 Stlth+}
 47001 | Depths:3 | Found a hazy altar of Hepliaklqana.
 47377 | Depths:4 | Entered Level 4 of the Depths
 47385 | Depths:4 | Identified the +1 whip "Hupul" {heavy, *Corrode rC+ MP+9}
 47683 | Depths:4 | Noticed a juggernaut
 47688 | Depths:4 | Killed a juggernaut
 47711 | Depths:4 | Found a one-way gateway to a ziggurat.
 47901 | Depths:4 | Found a gate to the Realm of Zot.
 48646 | Slime:1  | Entered Level 1 of the Pits of Slime
 48772 | Slime:2  | Noticed Dissolution
 48773 | Slime:2  | Killed Dissolution
 48782 | Slime:2  | Gained mutation: You occasionally lose the ability to read
                  | scrolls when taking damage. [a shining eye]
 48784 | Slime:2  | Gained mutation: Your body sometimes deteriorates upon
                  | taking damage. [a shining eye]
 48811 | Slime:1  | Lost mutation: Your body sometimes deteriorates upon taking
                  | damage. [potion of mutation]
 48811 | Slime:1  | Lost mutation: You occasionally lose the ability to read
                  | scrolls when taking damage. [potion of mutation]
 48811 | Slime:1  | Gained mutation: Your body sometimes deteriorates upon
                  | taking damage. [potion of mutation]
 48897 | Slime:5  | Identified the of Ziskufen
 48897 | Slime:5  | Entered Level 5 of the Pits of Slime
 49020 | Slime:5  | Noticed the Royal Jelly
 49062 | Slime:5  | Reached XP level 27. HP: 199/292 MP: 26/26
 49086 | Slime:5  | Killed the Royal Jelly
 49181 | Slime:5  | Found the +12 glaive of Prune {freeze, Prune}
 49211 | Slime:5  | Identified the +9 great sword of Vorr {heavy, Fragile rElec
                  | Will+++ Str-2}
 49212 | Slime:5  | Identified the +1 ring mail of Classification {+Inv rPois
                  | rN+ SInv}
 49215 | Slime:5  | Identified the +2 orcbow of Doom {elec, Str+3}
 49271 | Slime:5  | Identified the ring "Lyomop Bihikk" {Fly Int+2}
 49281 | Slime:5  | Got a slimy rune of Zot
 49282 | Slime:5  | Identified the +3 leather armour of Eshaj {rElec Str+2}
 49296 | Slime:5  | Identified the +3 bardiche of Doddimn {freeze, rElec rF+
                  | Stlth+}
 49323 | Slime:5  | Found the +3 Elemental Staff {ele, rElec rF+ rC+ AC+3}
 49343 | Slime:5  | Identified the +10 great mace of Cheese {heavy, rPois Str+2
                  | Dex+2}
 49462 | Lair:5   | Lost mutation: Your body sometimes deteriorates upon taking
                  | damage. [potion of mutation]
 49462 | Lair:5   | Gained mutation: You have a pair of small horns on your
                  | head. [potion of mutation]
 49462 | Lair:5   | Gained mutation: You are weak. (Str -2) [potion of
                  | mutation]
 49462 | Lair:5   | Gained mutation: You expend magic power (3 MP) to
                  | strengthen your wands. [potion of mutation]
 49772 | Zot:1    | Entered Level 1 of the Realm of Zot
 50319 | Zot:1    | Identified the +0 pair of gloves of Resourcefulness {Dex+6}
 52397 | Zot:3    | Reached skill level 10 in Armour
 54124 | Crypt:2  | Killed Vv
 54257 | Vaults:5 | Entered Level 5 of the Vaults
 54379 | Vaults:5 | Noticed a dread lich
 54383 | Vaults:5 | Killed a dread lich
 54655 | Vaults:5 | Acquired 407 gold pieces
 54980 | Vaults:5 | Identified the +7 falchion "Neud" {protect, rF+ rN+}
 55058 | Vaults:5 | Identified the +8 great sword "Leykk" {vamp, *Corrode Will+
                  | Dex+2}
 55058 | Vaults:5 | Identified the ring of Nuluriem {rElec rPois rF++ MP+9
                  | Str-3 Dex+6}
 55099 | Vaults:5 | Identified the ring "Etzeujinn" {rElec rF+}
 55128 | Vaults:5 | Identified the ring of Hedye {rC+ Str+2}
 55129 | Vaults:5 | Identified the +11 orcbow of Precise Incision {freeze,
                  | Str+2}
 55129 | Vaults:5 | Found the +3 Mad Mage's Maulers {Infuse+∞ VampMP -Cast}
 55147 | Vaults:5 | Identified the +5 quarterstaff of Zuewk {speed, Stlth+}
 55171 | Vaults:5 | Identified the +0 dagger "Kiwaradegg" {heavy, Str+3}
 55204 | Vaults:5 | Identified the +1 scale mail of the Unbroken {Rampage
                  | rPois}
 55400 | Vaults:5 | Noticed a dread lich
 55400 | Vaults:5 | Identified the +1 chain mail of Honour {rN+ Slay+3 SInv}
 55405 | Vaults:5 | Killed a dread lich
 55425 | Vaults:5 | Got a silver rune of Zot
 55563 | Vaults:5 | Identified the +4 demon trident of Cuinury {pain, rElec
                  | Stlth+}
 55563 | Vaults:5 | Identified the amulet of Dechetya {RegenMP rElec Str-5
                  | SInv}
 56242 | Tomb:3   | Identified the "Ykuceczi"
 56242 | Tomb:3   | Identified the "Tilileq"
 56242 | Tomb:3   | Identified the "Pighohil"
 56242 | Tar:7    | Identified the "Qituec"
 56242 | Tar:7    | Identified the "Uquimeko"
 56242 | Dis:7    | Identified the "Dewnear"
 56242 | Geh:7    | Identified the of Epni
 56242 | Zig:1    | Entered Level 1 of a ziggurat
 56267 | Zig:2    | Entered Level 2 of a ziggurat
 56283 | Zig:2    | Identified the +3 sling of Gloom {drain, Str+2}
 56292 | Zig:3    | Entered Level 3 of a ziggurat
 56305 | Zig:3    | Reached skill level 1 in Shapeshifting
 56330 | Zig:4    | Entered Level 4 of a ziggurat
 56361 | Zig:5    | Entered Level 5 of a ziggurat
 56365 | Zig:5    | Found the +7 hand cannon "Mule" {flame, backblast, rF+}
 56391 | Zig:5    | Reached skill level 5 in Shapeshifting
 56399 | Zig:5    | Identified the +9 longbow of the New World {drain, rPois
                  | rF+ Str-5 Dex+3}
 56472 | Zig:6    | Entered Level 6 of a ziggurat
 56503 | Zig:6    | Identified the +0 plate armour of Mutualism {Harm rElec}
 56514 | Zig:7    | Entered Level 7 of a ziggurat
 56542 | Zig:7    | Identified the orb of Light {mayhem, rPois}
 56548 | Zig:7    | Identified the +0 robe of Pathos {rC+ Str+3}
 56557 | Zig:7    | Identified the +5 flail of the Forest {flame, Str+3}
 56755 | Zot:5    | Entered Level 5 of the Realm of Zot
 57222 | Zot:5    | Reached skill level 10 in Shapeshifting
 57300 | Zot:5    | Noticed an orb of fire
 57308 | Zot:5    | Noticed a dread lich
 57312 | Zot:5    | Killed an orb of fire
 57313 | Zot:5    | Noticed an orb of fire
 57327 | Zot:5    | Killed a dread lich
 57328 | Zot:5    | Killed an orb of fire
 57341 | Zot:5    | Noticed an ancient lich
 57343 | Zot:5    | Killed an ancient lich
 57449 | Zot:5    | Noticed an ancient lich
 57456 | Zot:5    | Killed an ancient lich
 57464 | Zot:5    | Reached skill level 15 in Shapeshifting
 57480 | Zot:5    | Noticed a dread lich
 57482 | Zot:5    | Noticed an orb of fire
 57482 | Zot:5    | Killed a dread lich
 57484 | Zot:5    | Gained mutation: You are vulnerable to heat. (rF-) [an orb
                  | of fire]
 57486 | Zot:5    | Gained mutation: You have an increased reservoir of magic.
                  | (+10% MP) [an orb of fire]
 57487 | Zot:5    | Killed an orb of fire
 57705 | Zot:5    | Lost mutation: You are weak. (Str -2) [potion of mutation]
 57705 | Zot:5    | Lost mutation: You have an increased reservoir of magic.
                  | (+10% MP) [potion of mutation]
 57705 | Zot:5    | Lost mutation: You have a pair of small horns on your head.
                  | [potion of mutation]
 57705 | Zot:5    | Gained mutation: Your mind is acute. (Int +4, Str/Dex -1)
                  | [potion of mutation]
 57705 | Zot:5    | Lost mutation: Your mind is acute. (Int +4, Str/Dex -1)
                  | [potion of mutation]
 57706 | Zot:5    | Lost mutation: You expend magic power (3 MP) to strengthen
                  | your wands. [potion of mutation]
 57706 | Zot:5    | Lost mutation: You are vulnerable to heat. (rF-) [potion of
                  | mutation]
 57706 | Zot:5    | Gained mutation: You are strong-willed. (Will+) [potion of
                  | mutation]
 57706 | Zot:5    | Gained mutation: You have a pair of small horns on your
                  | head. [potion of mutation]
 57984 | Pan      | Entered Pandemonium
 58068 | Pan      | Found a white marble altar of Elyvilon.
 58218 | Pan      | Learned a level 4 spell: Manifold Assault
 58267 | Pan      | Identified the +9 tower shield "Udatt" {rPois SInv}
 58354 | Pan      | Found a glowing silver altar of Zin.
 58998 | Pan      | Identified the +4 pearl dragon scales of the Furrier {rN+
                  | Dex+2}
 58998 | Pan      | Identified the ring of Raront {rF+ rC+++ SInv}
 58998 | Pan      | Noticed a seraph
 59004 | Pan      | Found a glowing golden altar of the Shining One.
 59004 | Pan      | Killed a seraph
 59032 | Pan      | Got a demonic rune of Zot
 59037 | Pan      | Identified the +9 trident of Oleti {vamp, *Slow Str+2 Int+3
                  | Dex+5}
 59050 | Pan      | Identified the +0 cloak of the Fife {rPois Int-5 SInv}
 59264 | Pan      | Learned a level 4 spell: Vhi's Electric Charge
 59533 | Depths:2 | Escaped Pandemonium
 59535 | Pan      | Entered Pandemonium
 59551 | Pan      | Reached skill level 1 in Air Magic
 59576 | Pan      | Noticed Baczynn the pandemonium lord
 59581 | Pan      | Killed Baczynn the pandemonium lord
 59745 | Pan      | Noticed Eter the pandemonium lord
 59754 | Pan      | Killed Eter the pandemonium lord
 59760 | Pan      | Reached skill level 5 in Spellcasting
 59851 | Depths:2 | Escaped Pandemonium
 59865 | Pan      | Entered Pandemonium
 59875 | Pan      | Identified the "Saezuodu"
 59875 | Pan      | Entered the realm of Cerebov.
 59877 | Pan      | Found the +6 sword of Cerebov {flame}
 59877 | Pan      | Noticed Cerebov
 59894 | Pan      | Killed Cerebov
 59947 | Pan      | Got a fiery rune of Zot
 60085 | Pan      | Identified the +3 troll leather armour of Valour {Will+
                  | Regen+ rCorr Int-5 Slay+3}
 60118 | Pan      | Identified the amulet of Sixtiobba {Spirit rC+ Will+}
 60122 | Pan      | Identified the ring "Qaixuan" {rElec Str+6}
 60230 | Pan      | Identified the ring "Acetus" {rCorr Int+5}
 60392 | Pan      | Upgraded the game from 0.31-a0-934-gf4fcaacff8 to
                  | 0.31-a0-948-gf5be29c462
 60457 | Pan      | Found an exit through the horrors of the Abyss.
 60470 | Pan      | Noticed Giymuca the pandemonium lord
 60479 | Pan      | Killed Giymuca the pandemonium lord
 60483 | Pan      | Reached skill level 10 in Dodging
 60504 | Pan      | Found an exit through the horrors of the Abyss.
 60542 | Pan      | Found a runed translucent door.
 60741 | Pan      | Entered the realm of Mnoleg.
 60817 | Pan      | Learned a level 2 spell: Passwall
 60847 | Pan      | Noticed Mnoleg
 60869 | Pan      | Killed Mnoleg
 60869 | Pan      | Gained mutation: You are clumsy. (Dex -2) [a cacodemon]
 60876 | Pan      | Gained mutation: You are partially covered in iridescent
                  | scales. (AC +2) [a neqoxec]
 60982 | Pan      | Got a glowing rune of Zot
 61076 | Pan      | Identified the +9 tower shield of Hadjma {MP-9 Str+3 Int+2
                  | Dex+6}
 61076 | Pan      | Noticed Mennas
 61083 | Pan      | Killed Mennas
 61135 | Pan      | Noticed Lize the pandemonium lord
 61144 | Pan      | Killed Lize the pandemonium lord
 61196 | Pan      | Entered the realm of Gloorx Vloq.
 61396 | Pan      | Noticed Gloorx Vloq
 61401 | Pan      | Killed Gloorx Vloq
 61423 | Pan      | Got a dark rune of Zot
 61498 | Pan      | Found an exit through the horrors of the Abyss.
 61524 | Pan      | Entered the realm of Lom Lobon.
 61528 | Pan      | Found an exit through the horrors of the Abyss.
 61661 | Pan      | Noticed Lom Lobon
 61667 | Pan      | Killed Lom Lobon
 61677 | Pan      | Got a magical rune of Zot
 61785 | Pan      | Took an exit into the Abyss.
 61785 | Abyss:1  | Escaped into the Abyss
 61870 | Abyss:2  | Found a corrupted altar of Lugonu.
 61983 | Abyss:3  | Noticed a dread lich
 61999 | Abyss:3  | Killed a dread lich
 62012 | Abyss:3  | Got an abyssal rune of Zot
 62027 | Depths:2 | Escaped the Abyss
 62070 | Hell     | Entered the Vestibule of Hell
 62072 | Hell     | Noticed Geryon
 62078 | Hell     | Killed Geryon
 62110 | Hell     | Found a gateway to the freezing wastes of Cocytus.
 62119 | Hell     | Reached skill level 10 in Translocations
 62125 | Hell     | Gained mutation: You occasionally lose the ability to drink
                  | potions when taking damage. [a cacodemon]
 62126 | Hell     | Gained mutation: Armour fits poorly on your strangely
                  | shaped body. [a cacodemon]
 62198 | Hell     | Found a gateway to the Iron City of Dis.
 62237 | Hell     | Found a gateway to the decaying netherworld of Tartarus.
 62246 | Tar:1    | Entered Level 1 of Tartarus
 62327 | Tar:2    | You fall into a shaft and drop 2 floors!
 62683 | Tar:5    | Lost mutation: You are clumsy. (Dex -2) [potion of
                  | mutation]
 62683 | Tar:5    | Lost mutation: You occasionally lose the ability to drink
                  | potions when taking damage. [potion of mutation]
 62683 | Tar:5    | Lost mutation: You have a pair of small horns on your head.
                  | [potion of mutation]
 62683 | Tar:5    | Gained mutation: Potions are less effective at restoring
                  | your health. [potion of mutation]
 62683 | Tar:5    | Gained mutation: You have hidden genetic potential. [potion
                  | of mutation]
 62787 | Tar:7    | Entered Level 7 of Tartarus
 62804 | Tar:7    | Noticed a dread lich
 62806 | Tar:7    | Paralysed by a dread lich for 5 turns
 62811 | Tar:7    | Killed a dread lich
 62922 | Tar:7    | Identified the staff of Xom, Keeping {rN+ Earth}
 62931 | Tar:7    | Identified the ring of Lufafij {Wiz +Blink Fly}
 63016 | Tar:7    | Found the +5 scythe "Finisher" {speed, execute}
 63108 | Tar:7    | Noticed an ancient lich
 63116 | Tar:7    | Killed an ancient lich
 63124 | Tar:7    | Noticed the Serpent of Hell
 63125 | Tar:7    | Noticed a dread lich
 63159 | Tar:7    | Killed a dread lich
 63402 | Tar:7    | Killed the Serpent of Hell
 63447 | Tar:7    | Identified the staff "Esul" {rC+ Int+2 Ice}
 63448 | Tar:7    | Identified the +2 mace of the Countless Scars {flame, *Slow
                  | rCorr Dex+2}
 63449 | Tar:7    | Identified the +1 pair of boots of Skepticism {Int+2}
 63450 | Tar:7    | Identified the +1 robe "Niwnugeplu" {rC++}
 63509 | Tar:7    | Noticed Ereshkigal
 63518 | Tar:7    | Killed Ereshkigal
 63565 | Tar:7    | Got a bone rune of Zot
 63667 | Hell     | Learned a level 4 spell: Iskenderun's Mystic Blast
 63671 | Hell     | Learned a level 2 spell: Wereblood
 63728 | Coc:1    | Entered Level 1 of Cocytus
 64677 | Coc:2    | Paralysed by a wendigo for 1 turns
 64681 | Coc:2    | Gained mutation: You possess an exceptional clarity of
                  | mind. [hidden potential]
 64976 | Coc:4    | Paralysed by a wendigo for 1 turns
 64980 | Coc:4    | Noticed a dread lich
 64987 | Coc:4    | Killed a dread lich
 65094 | Coc:6    | Paralysed by a wendigo for 1 turns
 65105 | Coc:6    | Noticed a dread lich
 65107 | Coc:6    | Killed a dread lich
 65127 | Coc:7    | Entered Level 7 of Cocytus
 65170 | Coc:7    | Paralysed by a wendigo for 1 turns
 65240 | Coc:7    | Identified the ring of Emeuw {Contam rElec rCorr Str+3
                  | SInv}
 65272 | Coc:7    | Paralysed by a wendigo for 1 turns
 65310 | Coc:7    | Noticed Antaeus
 65322 | Coc:7    | Killed Antaeus
 65337 | Coc:7    | Got an icy rune of Zot
 65408 | Dis:1    | Entered Level 1 of the Iron City of Dis
 65587 | Dis:3    | Gained mutation: You have great hidden genetic potential.
                  | [hidden potential]
 65587 | Dis:3    | Lost mutation: You have great hidden genetic potential.
                  | [hidden potential expressed]
 65979 | Dis:7    | Entered Level 7 of the Iron City of Dis
 66148 | Dis:7    | Noticed a juggernaut
 66153 | Dis:7    | Killed a juggernaut
 66161 | Dis:7    | Identified the +13 crystal plate armour "Fidygh" {rC- Str+2
                  | Int+5}
 66436 | Dis:7    | Reached skill level 15 in Translocations
 66449 | Dis:7    | Noticed a juggernaut
 66455 | Dis:7    | Killed a juggernaut
 66745 | Dis:7    | Noticed Dispater
 66746 | Dis:7    | Noticed a juggernaut
 66754 | Dis:7    | Killed Dispater
 66762 | Dis:7    | Killed a juggernaut
 66767 | Dis:7    | Got an iron rune of Zot
 66772 | Dis:7    | Gained mutation: You are mostly covered in iridescent
                  | scales. (AC +4) [hidden potential]
 66819 | Dis:7    | Learned a level 8 spell: Disjunction
 67309 | Tomb:1   | Entered Level 1 of the Tomb of the Ancients
 67732 | Tomb:1   | Noticed a royal mummy
 67735 | Tomb:1   | Killed a royal mummy
 67898 | Tomb:2   | Noticed a royal mummy
 67901 | Tomb:2   | Killed a royal mummy
 67903 | Tomb:2   | Noticed a royal mummy
 67904 | Tomb:2   | Noticed a royal mummy
 67905 | Tomb:2   | Noticed a royal mummy
 67906 | Tomb:2   | Gained mutation: You are weak. (Str -2) [a neqoxec]
 67907 | Tomb:2   | Gained mutation: You are frail. (-10% HP) [a neqoxec]
 67923 | Tomb:2   | Killed a royal mummy
 67924 | Tomb:2   | Killed a royal mummy
 67938 | Tomb:2   | Killed a royal mummy
 68240 | Tomb:2   | Lost mutation: You are weak. (Str -2) [potion of mutation]
 68240 | Tomb:2   | Lost mutation: You are strong-willed. (Will+) [potion of
                  | mutation]
 68240 | Tomb:2   | Lost mutation: You have hidden genetic potential. [potion
                  | of mutation]
 68240 | Tomb:2   | Gained mutation: Potions cannot restore your health.
                  | [potion of mutation]
 68240 | Tomb:2   | Gained mutation: You are very frail. (-20% HP) [potion of
                  | mutation]
 68240 | Tomb:2   | Lost mutation: Armour fits poorly on your strangely shaped
                  | body. [potion of mutation]
 68240 | Tomb:2   | Gained mutation: You have sharp toenails. [potion of
                  | mutation]
 68241 | Tomb:2   | Lost mutation: You are very frail. (-20% HP) [potion of
                  | mutation]
 68241 | Tomb:2   | Lost mutation: You possess an exceptional clarity of mind.
                  | [potion of mutation]
 68241 | Tomb:2   | Lost mutation: You are frail. (-10% HP) [potion of
                  | mutation]
 68241 | Tomb:2   | Gained mutation: You have a pair of small horns on your
                  | head. [potion of mutation]
 68241 | Tomb:2   | Gained mutation: You passively map a small area around you.
                  | [potion of mutation]
 68242 | Tomb:2   | Lost mutation: You have sharp toenails. [potion of
                  | mutation]
 68242 | Tomb:2   | Lost mutation: You have a pair of small horns on your head.
                  | [potion of mutation]
 68242 | Tomb:2   | Gained mutation: You have a pair of small horns on your
                  | head. [potion of mutation]
 68242 | Tomb:2   | Gained mutation: You are completely covered in iridescent
                  | scales. (AC +6) [potion of mutation]
 68243 | Tomb:2   | Lost mutation: You are completely covered in iridescent
                  | scales. (AC +6) [potion of mutation]
 68243 | Tomb:2   | Lost mutation: You are mostly covered in iridescent scales.
                  | (AC +4) [potion of mutation]
 68243 | Tomb:2   | Gained mutation: You occasionally lose the ability to drink
                  | potions when taking damage. [potion of mutation]
 68243 | Tomb:2   | Gained mutation: You are resistant to electric shocks.
                  | (rElec) [potion of mutation]
 68244 | Tomb:2   | Lost mutation: Potions cannot restore your health. [potion
                  | of mutation]
 68244 | Tomb:2   | Lost mutation: Potions are less effective at restoring your
                  | health. [potion of mutation]
 68244 | Tomb:2   | Gained mutation: You are frail. (-10% HP) [potion of
                  | mutation]
 68245 | Tomb:2   | Lost mutation: You are frail. (-10% HP) [potion of
                  | mutation]
 68245 | Tomb:2   | Lost mutation: You occasionally lose the ability to drink
                  | potions when taking damage. [potion of mutation]
 68245 | Tomb:2   | Gained mutation: Your flesh is heat resistant. (rF+)
                  | [potion of mutation]
 68245 | Tomb:2   | Gained mutation: You possess an exceptional clarity of
                  | mind. [potion of mutation]
 68265 | Tomb:1   | Noticed a royal mummy
 68266 | Tomb:1   | Noticed a royal mummy
 68267 | Tomb:1   | Noticed a royal mummy
 68268 | Tomb:1   | Noticed a royal mummy
 68268 | Tomb:1   | Noticed a royal mummy
 68269 | Tomb:1   | Noticed a royal mummy
 68269 | Tomb:1   | Noticed a royal mummy
 68273 | Tomb:1   | Killed a royal mummy
 68767 | Hell     | Found a gateway to the ashen valley of Gehenna.
 68784 | Geh:1    | Entered Level 1 of Gehenna
 69856 | Geh:7    | Entered Level 7 of Gehenna
 70118 | Geh:7    | Identified the +7 battleaxe "Xuusin" {freeze, rElec Str+3
                  | Int+3}
 70124 | Geh:7    | Identified the +1 quarterstaff "Vawueh" {flame, rCorr
                  | Dex+3}
 70133 | Geh:7    | Identified the +1 ring mail of the Morning {*Corrode Int+4}
 70145 | Geh:7    | Found the +13 sceptre of Asmodeus
 70145 | Geh:7    | Noticed Asmodeus
 70166 | Geh:7    | Killed Asmodeus
 70175 | Geh:7    | Got an obsidian rune of Zot
 70719 | Tomb:1   | Noticed a royal mummy
 70722 | Tomb:1   | Killed a royal mummy
 70724 | Tomb:1   | Noticed a royal mummy
 70727 | Tomb:1   | Killed a royal mummy
 70727 | Tomb:1   | Noticed a royal mummy
 70731 | Tomb:1   | Killed a royal mummy
 70734 | Tomb:1   | Noticed a royal mummy
 70739 | Tomb:1   | Killed a royal mummy
 70816 | Tomb:1   | Killed a royal mummy
 70856 | Tomb:1   | Noticed a royal mummy
 70859 | Tomb:1   | Killed a royal mummy
 70862 | Tomb:1   | Killed a royal mummy
 70863 | Tomb:1   | Killed a royal mummy
 70864 | Tomb:1   | Killed a royal mummy
 70865 | Tomb:1   | Noticed a royal mummy
 71898 | Tomb:1   | Noticed a royal mummy
 71898 | Tomb:1   | Noticed a royal mummy
 71902 | Tomb:1   | Noticed a royal mummy
 71903 | Tomb:1   | Killed a royal mummy
 71903 | Tomb:1   | Killed a royal mummy
 71906 | Tomb:1   | Killed a royal mummy
 71908 | Tomb:1   | Killed a royal mummy
 71913 | Tomb:1   | Killed a royal mummy
 71977 | Tomb:1   | Killed a royal mummy
 72028 | Tomb:1   | Noticed a royal mummy
 72031 | Tomb:1   | Killed a royal mummy
 72089 | Tomb:1   | Noticed a royal mummy
 72091 | Tomb:1   | Noticed a royal mummy
 72125 | Tomb:1   | Killed a royal mummy
 72126 | Tomb:1   | Killed a royal mummy
 72202 | Tomb:2   | Lost mutation: Your flesh is heat resistant. (rF+)
                  | [mutagenic glow]
 72202 | Tomb:2   | Gained mutation: You are vulnerable to heat. (rF-)
                  | [mutagenic glow]
 72206 | Tomb:2   | Lost mutation: You have a pair of small horns on your head.
                  | [potion of mutation]
 72206 | Tomb:2   | Lost mutation: You are vulnerable to heat. (rF-) [potion of
                  | mutation]
 72206 | Tomb:2   | Gained mutation: You are frail. (-10% HP) [potion of
                  | mutation]
 72206 | Tomb:2   | Gained mutation: You expend magic power (3 MP) to
                  | strengthen your wands. [potion of mutation]
 72207 | Tomb:2   | Lost mutation: You expend magic power (3 MP) to strengthen
                  | your wands. [potion of mutation]
 72207 | Tomb:2   | Lost mutation: You possess an exceptional clarity of mind.
                  | [potion of mutation]
 72207 | Tomb:2   | Lost mutation: You passively map a small area around you.
                  | [potion of mutation]
 72207 | Tomb:2   | Gained mutation: You possess an exceptional clarity of
                  | mind. [potion of mutation]
 72207 | Tomb:2   | Lost mutation: You are resistant to electric shocks.
                  | (rElec) [potion of mutation]
 72207 | Tomb:2   | Gained mutation: You expend magic power (3 MP) to
                  | strengthen your wands. [potion of mutation]
 72208 | Tomb:2   | Lost mutation: You expend magic power (3 MP) to strengthen
                  | your wands. [potion of mutation]
 72208 | Tomb:2   | Lost mutation: You are frail. (-10% HP) [potion of
                  | mutation]
 72208 | Tomb:2   | Gained mutation: You are robust. (+10% HP) [potion of
                  | mutation]
 72208 | Tomb:2   | Gained mutation: You are resistant to electric shocks.
                  | (rElec) [potion of mutation]
 72474 | Tomb:3   | Entered Level 3 of the Tomb of the Ancients
 72490 | Tomb:3   | Noticed a royal mummy
 72493 | Tomb:3   | Killed a royal mummy
 72506 | Tomb:3   | Noticed a royal mummy
 72507 | Tomb:3   | Killed a royal mummy
 72513 | Tomb:3   | Noticed a royal mummy
 72517 | Tomb:3   | Killed a royal mummy
 72533 | Tomb:3   | Noticed a royal mummy
 72535 | Tomb:3   | Noticed a royal mummy
 72536 | Tomb:3   | Killed a royal mummy
 72536 | Tomb:3   | Killed a royal mummy
 72542 | Tomb:3   | Noticed a royal mummy
 72545 | Tomb:3   | Killed a royal mummy
 72570 | Tomb:3   | Identified the ring "Xeyrhasm" {Fly Int+2}
 72571 | Tomb:3   | Identified the ring of Rahinu Geik {rPois rC- rCorr Int+4
                  | SInv}
 72614 | Tomb:3   | Identified the staff "Gauv" {rElec rC- Int+6 Dex+3 Air}
 72655 | Tomb:3   | Got a golden rune of Zot
 73362 | Zot:5    | Got the Orb of Zot
 73563 | Depths:4 | Gained mutation: You are vulnerable to heat. (rF-) [a
                  | neqoxec]
 73951 | D:$      | Escaped with the Orb!

Illustrated notes

Levels and vault maps discovered:
D:1:      roderic_crop_circles_arrival_small, layout_basic
D:2:      layout_loops_ring, basic_altar, uniq_terence
D:3:      layout_basic, mainiacjoe_overflow_cross_hatched, uniq_grinder
D:4:      layout_loops_ring, minmay_temple_entry_overgrown
D:5:      layout_rooms, grunt_temple_overflow_order_and_chaos_1,
          mainiacjoe_overflow_tiny_flanked, okawaru_altar_gauntlet_db,
          serial_park_tiny_2, uniq_eustachio
D:6:      layout_loops_cross, mainiacjoe_overflow_alcove_1
D:7:      layout_cave_pods, serial_column_ruins, column_ruins_square_small,
          column_ruins_grid_4, column_ruins_open_tiny, column_ruins_open_large,
          column_ruins_columns_corner, column_ruins_corridor_corner,
          column_ruins_corridor_straight, column_ruins_grid_4,
          corexii_leaking_fountain, nicolae_sextant
D:8:      minmay_gate_of_8, layout_cave_pools, led_sif_book,
          serial_nicolae_subway, nicolae_sub_station_crystal,
          nicolae_sub_station_metal, nicolae_sub_station_stone, uniq_jeremiah
D:9:      layout_basic, nicolae_dithmenos_through_a_glass_darkly,
          mainiacjoe_overflow_surrounded_room, chequers_arboretum
D:10:     layout_loops_ring, ebering_ghost_disaster_area
D:11:     layout_stronghold, lair_entry_dummy, david_orc_3,
          nicolae_gozag_seed_capital
D:12:     layout_irregular_city, ebering_ghost_inner_flame, serial_shops,
          shop_statue, minivault_22
D:13:     layout_small_grid, hangedman_vaults_entry_quadrant_bands
D:14:     layout_cross, minmay_tree_intersection, uniq_snorg
D:15:     grunt_enter_depths_snipers, layout_rooms, minmay_misc_feat_chi,
          nicolae_kikubaaqudgha_miasma_corner
Temple:   nicolae_temple_ecumenical_triangle
Lair:1:   layout_hall_layers, hellmonk_guarded_unrand_zhor
Lair:2:   layout_misc_corridors, minmay_shoals_entry_lonely_mermaid,
          grunt_megastairs_3, serial_bayou_shore_a
Lair:3:   gammafunk_boulding_lane, layout_loops_ring, spider_nest_entry_a,
          serial_bayou_ford_a
Lair:4:   layout_regular_city, chequers_serial_rivers_small_3,
          grunt_forest_large_clearings, uniq_nessos
Lair:5:   minmay_lair_end_frog_pond, layout_misc_corridors, slime_entry_2,
          lemuel_oklob_altar
Shoals:1: layout_shoals
Shoals:2: layout_shoals, overgrown_hall
Shoals:3: layout_shoals, serial_shops, nicolae_shop_waterfront,
          nicolae_shop_self_help
Shoals:4: shoals_end_hellmonk_storm_palace [storm_palace_center_circular,
          storm_palace_corner_narrow, storm_palace_corner_reverse_hut,
          storm_palace_corner_pillars, storm_palace_corner_pillars],
          serial_shops
Spider:1: layout_spider_delve
Spider:2: nicolae_spider_hilbert_zone_7 [nicolae_spider_hilbert_4_sides_1_open,
          nicolae_spider_hilbert_4_sides_1_open,
          nicolae_spider_hilbert_4_sides_1_open,
          nicolae_spider_hilbert_4_sides_1_open,
          nicolae_spider_hilbert_3_sides_1_open,
          nicolae_spider_hilbert_3_sides_1_open,
          nicolae_spider_hilbert_3_sides_1_open,
          nicolae_spider_hilbert_3_sides_1_open,
          nicolae_spider_hilbert_4_sides_1_open,
          nicolae_spider_hilbert_4_sides_1_open,
          nicolae_spider_hilbert_4_sides_1_open,
          nicolae_spider_hilbert_2_sides_1_open,
          nicolae_spider_hilbert_2_sides_1_open,
          nicolae_spider_hilbert_2_sides_1_open,
          nicolae_spider_hilbert_2_sides_1_open,
          nicolae_spider_hilbert_2_sides_1_open,
          nicolae_spider_hilbert_2_sides_1_open], uniq_arachne
Spider:3: layout_spider_delve, gammafunk_ghost_necromancy, drop_trap,
          hellmonk_motheaten_closet, uniq_jorgrun
Spider:4: grunt_spider_rune_circles
Slime:1:  layout_caves
Slime:2:  layout_caves, dissolution_awaits
Slime:3:  layout_caves, nicolae_slime_getting_an_eyeful
Slime:4:  layout_caves
Slime:5:  slime_pit_nicolae_trefoil
Orc:1:    layout_caves, nicolae_orc_rich_vein, uniq_josephine
Orc:2:    st_orc_elflike, layout_caves, gammafunk_ghost_arena
Elf:1:    nicolae_elf_arrival_fired_up, layout_gridlike, basic_altar,
          serial_shops, shop, portal_desolation_entry_holy_temple,
          hangedman_elf_disciples, uniq_azrael
Elf:2:    nicolae_elf_blades_splatter_lattice [grunt_blade_entry_basic],
          layout_onion_city, basic_altar
Elf:3:    minmay_elf_hall_spiked, layout_onion_city,
          ploomutoo_gammafunk_ghost_potion_laboratory,
          nicolae_elf_variegated_diamond
Vaults:1: hangedman_vaults_river_flow, ontoclasm_vaults_fault,
          ontoclasm_vaults_twist, nicolae_vaults_network_quincunx
          [nicolae_vaults_network_quincunx_subvault,
          nicolae_vaults_network_quincunx_subvault,
          nicolae_vaults_network_quincunx_subvault,
          nicolae_vaults_network_quincunx_subvault,
          nicolae_vaults_network_quincunx_subvault], v_misc_13,
          nicolae_vaults_storage_room_glass, nicolae_vaults_hexular_roomagon,
          nicolae_vaults_closet_pinwheel_5, v_rooms_5,
          vaults_room_grunt_arrival_ludios, ontoclasm_vaults_eye,
          nicolae_vaults_rhombus_6, layout_vaults_maze_snakey
Vaults:2: gammafunk_ghost_grave, nicolae_vaults_closet_pinwheel_4,
          vaults_room_grid, vaults_room_door_hall, vaults_dpeg_diagonal,
          hangedman_vaults_snaps, nicolae_vaults_layer_cake_slice,
          special_room_vaults [special_room_orc], v_misc_12,
          nicolae_vaults_asterisk, nicolae_vaults_tetromino_Z_1,
          layout_vaults_quadrants
Vaults:3: vaults_mumra_chevron_long, nicolae_vaults_meiosis,
          grunt_vaults_diagonal, minmay_crypt_entry_simple_box,
          nicolae_vaults_double_plus_1, nicolae_vaults_rhombus_6, v_misc_30,
          nicolae_vaults_three_branches, nicolae_vaults_stairing_the_circle,
          hangedman_vaults_corner, hangedman_vaults_pinch,
          nicolae_vaults_meeting, layout_vaults_omnibox
Vaults:4: v_alt_pattern_4, hangedman_vaults_locks,
          nicolae_vaults_trapezoid_lopsided_2, ontoclasm_vaults_claustrophobia,
          nicolae_vaults_triangles, nicolae_vaults_stepped_doors,
          nicolae_vaults_octothorpe, vaults_room_guarded_vault,
          hangedman_vaults_trim, layout_vaults_ring
Vaults:5: serial_shops
Crypt:1:  layout_chaotic_city, grunt_crypt_arrival_webbed, uniq_xtahua,
          uniq_grunn
Crypt:2:  layout_rooms, minivault_5, grunt_ministairs_3, uniq_vv
Crypt:3:  church_of_pain_bobbens, layout_chaotic_city, tomb_entry_shell_bobbens
Tomb:1
Tomb:2
Tomb:3
Depths:1: layout_cave_shapes, hangedman_geh_valley, cheibrodos_ashenzari_chains
Depths:2: minmay_quantized_circle, layout_basic, rand_demon_pan_entry_5,
          grunt_decor_clamped, hangedman_coc_ice_floe, hangedman_decor_growths
Depths:3: cheibrodos_hall_of_evolution, layout_basic, abyss_entry,
          serial_co_window_serial, co_window_of_opportunity_a,
          co_window_of_opportunity_a, co_window_corner_a, co_window_paths_a,
          co_window_paths_a, co_window_paths_b, co_window_broadway_c,
          co_window_unsneaky_path_d, co_window_paths_c, co_window_2corner,
          co_window_2corner, co_window_corner_b, glass_columns_b,
          glass_columns_b, glass_columns_b, hell_entry,
          nicolae_qazlal_scattered_showers, nzn_hepliaklqana_mist_gate
Depths:4: grunt_twist_and_shout, layout_cave_shapes, enter_ziggurat_b,
          hangedman_tar_grid_catacomb, minmay_misc_feat_rugged
Hell
Dis:1:    layout_jigsaw, nicolae_dis_grated_feature
Dis:2:    layout_overlapping_boxes, nicolae_dis_scattering
Dis:3:    layout_regular_city, nicolae_hells_seeping_fissure
Dis:4:    layout_subdivisions
Dis:5:    nicolae_dis_hell_towers
Dis:6:    layout_gridville
Dis:7:    dis_hangedman
Geh:1:    layout_gehenna_pools_box, minmay_fire_ice_demons
Geh:2:    layout_gehenna_lava_caves
Geh:3:    layout_gehenna_pools_box
Geh:4:    layout_gehenna_lava_caves
Geh:5:    layout_gehenna_lava_caves
Geh:6:    layout_gehenna_lava_caves, lemuel_hellion_isle
Geh:7:    geh_old
Coc:1:    nooodl_cocytus_jagged_cave
Coc:2:    layout_ice_bergs
Coc:3:    layout_ice_bergs
Coc:4:    layout_ice_bergs
Coc:5:    layout_cocytus_water_paths
Coc:6:    layout_ice_bergs
Coc:7:    coc_dpeg
Tar:1:    layout_grid_maze
Tar:2:    layout_catacombs
Tar:4:    layout_catacombs
Tar:5:    layout_grid_maze
Tar:6:    layout_grid_maze, nicolae_tar_honey_rotating
Tar:7:    tar_old
Zot:1:    layout_misc_corridors
Zot:2:    circus_mu, layout_gridlike
Zot:3:    kennysheep_blocky_room, layout_cellular_growth,
          nicolae_lava_and_water, grunt_megastairs_2
Zot:4:    layout_basic
Zot:5:    layout_cathedral_of_symmetry

Skill      XL: |  1  2  3  4  5  6  7  8  9 10 11 12 13 14 15 16 17 18 19 20 21 22 23 24 25 26 27 |
---------------+----------------------------------------------------------------------------------+-----
Shields        | 3 4 5 6 8 9 10 11 12 14 15 17 18 21 24 | 24.7
Unarmed Combat | 3 4 5 6 8 10 11 13 14 16 17 19 20 21 23 25 26 27 | 27.0
Fighting       | 3 4 5 6 7 8 9 10 11 12 13 14 15 17 18 19 20 26 | 26.7
Dodging        | 3 5 6 7 8 9 14 | 14.5
Spellcasting   | 1 2 3 9 |  9.9
Translocations | 2 3 5 20 | 20.6
Armour         | 3 5 8 9 11 | 11.1
Evocations     | 2 3 5 9 |  9.9
Shapeshifting  | 25 | 25.0
Air Magic      | 3 |  3.3

Action                     |  1- 3 |  4- 6 |  7- 9 | 10-12 | 13-15 | 16-18 | 19-21 | 22-24 | 25-27 || total
---------------------------+-------+-------+-------+-------+-------+-------+-------+-------+-------++-------
  Melee: Unarmed           |   112 |    65 |   232 |   562 |  1147 |   951 |  2178 |  1551 |  6947 || 13745
         Headbutt          |       |       |       |       |       |       |       |       |  1047 ||  1047
   Fire: Hand cannon       |       |       |       |       |       |       |       |       |     6 ||     6
  Throw: Stone             |     8 |     6 |    27 |     1 |       |       |       |       |       ||    42
         Dart              |       |     4 |    13 |    25 |    12 |    14 |    44 |       |     1 ||   113
         Boomerang         |       |       |       |    21 |    49 |     9 |       |       |       ||    79
         Large rock        |       |       |       |       |     1 |       |       |       |       ||     1
         Javelin           |       |       |       |       |       |       |       |     1 |       ||     1
         Throwing net      |       |       |       |       |       |       |       |       |     1 ||     1
   Cast: Blink             |       |       |       |       |       |       |     1 |     4 |     5 ||    10
         Apportation       |       |       |       |       |       |       |       |     7 |    33 ||    40
         Vhi's Electric Ch |       |       |       |       |       |       |       |       |    57 ||    57
         Lesser Beckoning  |       |       |       |       |       |       |       |       |    34 ||    34
         Manifold Assault  |       |       |       |       |       |       |       |       |    29 ||    29
         Disjunction       |       |       |       |       |       |       |       |       |     4 ||     4
         Passwall          |       |       |       |       |       |       |       |       |     2 ||     2
         Wereblood         |       |       |       |       |       |       |       |       |     1 ||     1
 Invoke: Serpent's Lash    |       |       |       |     7 |    21 |    25 |    23 |    15 |    82 ||   173
         Heavenly Storm    |       |       |       |       |     1 |     1 |     1 |       |    13 ||    16
Ability: Begin Untransform |     1 |       |       |       |       |       |       |       |     2 ||     3
         Lunge             |       |     1 |    43 |    78 |   122 |   105 |   221 |   155 |   580 ||  1305
         Whirlwind         |       |       |    35 |   255 |   608 |   435 |   969 |   658 |  3133 ||  6093
         Wall Jump         |       |       |       |     5 |    11 |    13 |    17 |     8 |    55 ||   109
  Evoke: Wand              |       |       |    12 |    23 |    33 |     2 |    64 |    10 |    52 ||   196
         Lightning rod     |       |       |       |       |     7 |     5 |     7 |     3 |     3 ||    25
         Phantom mirror    |       |       |       |       |       |       |       |       |     5 ||     5
         Tin of tremorston |       |       |       |       |       |       |       |       |     2 ||     2
         Horn of Geryon    |       |       |       |       |       |       |       |       |     1 ||     1
         Phial of floods   |       |       |       |       |       |       |       |       |     1 ||     1
    Use: Scroll            |     3 |     6 |     7 |    17 |     7 |    13 |     7 |     5 |    56 ||   121
         Potion            |     1 |       |       |       |     5 |    16 |     6 |    12 |    80 ||   120
   Stab: Sleeping          |       |     1 |     2 |       |     1 |     2 |     3 |     2 |     3 ||    14
         Distracted        |       |     1 |       |       |     1 |       |     1 |       |    11 ||    14
         Invisible         |       |       |     1 |       |       |       |       |       |     2 ||     3
         Paralysed         |       |       |     2 |    10 |     8 |     3 |       |       |       ||    23
         Held in net/web   |       |       |       |       |       |       |       |       |     3 ||     3
 Armour: Robe              |    50 |    24 |   101 |   131 |       |    53 |    36 |   317 |    59 ||   771
         Animal skin       |       |       |       |    46 |   321 |   253 |   575 |    13 |       ||  1208
         Fire dragon scale |       |       |       |       |       |       |       |    93 |   785 ||   878
         Skin              |       |       |       |       |       |       |       |       |  1247 ||  1247
         Gold dragon scale |       |       |       |       |       |       |       |       |   155 ||   155
  Dodge: Dodged            |    19 |    13 |    40 |   176 |   258 |   178 |   360 |   214 |  1152 ||  2410
  Block: Kite shield       |    31 |    17 |    81 |   162 |   305 |   253 |   590 |   368 |       ||  1807
         Reflection        |       |       |       |       |       |       |    10 |    15 |       ||    25
         Tower shield      |       |       |       |       |       |       |       |    34 |  3816 ||  3850
   Form: Beast             |     1 |       |       |       |       |       |       |       |       ||     1
         Statue            |       |       |       |       |       |       |       |       |     4 ||     4
                           |       |       |       |       |       |       |       |       |     1 ||     1

Table legend: (Time is in decaauts)
 A = Elapsed time spent in this place.
 B = Non-inter-level travel time spent in this place.
 C = Inter-level travel time spent in this place.
 D = Time resting spent in this place.
 E = Time spent auto-exploring this place.
 F = Levels seen in this place.
 G = Mean time per level.
                   A        B        C        D        E       F      G
               +--------+--------+--------+--------+--------+-----+--------+
         Total |  81629 |  68418 |  13211 |   7145 |  27641 | 112 |  728.8 |
       Dungeon |  14906 |  11679 |   3227 |    595 |   7086 |  15 |  993.7 |
        Temple |     27 |     16 |     11 |      0 |      0 |   1 |   27.0 |
          Lair |   5718 |   4544 |   1174 |    350 |   2603 |   5 | 1143.6 |
        Shoals |   2859 |   2703 |    156 |    287 |   1191 |   4 |  714.8 |
   Spider Nest |   5562 |   5212 |    350 |    919 |   2622 |   4 | 1390.5 |
    Slime Pits |    976 |    742 |    234 |     27 |      0 |   5 |  195.2 |
  Orcish Mines |   1720 |   1094 |    626 |     96 |    355 |   2 |  860.0 |
   Elven Halls |   4752 |   4222 |    530 |    595 |   1388 |   3 | 1584.0 |
        Vaults |   9053 |   7357 |   1696 |    981 |   3716 |   5 | 1810.6 |
         Crypt |   5005 |   3549 |   1456 |    806 |   1200 |   3 | 1668.3 |
          Tomb |   3596 |   2760 |    836 |    344 |    493 |   3 | 1198.7 |
        Depths |   5924 |   4549 |   1375 |    262 |   2591 |   4 | 1481.0 |
          Hell |    737 |    545 |    192 |      0 |      0 |   1 |  737.0 |
           Dis |   2260 |   2097 |    163 |    172 |    157 |   7 |  322.9 |
       Gehenna |   2263 |   2092 |    171 |    469 |    415 |   7 |  323.3 |
       Cocytus |   1409 |   1379 |     30 |      7 |    474 |   7 |  201.3 |
      Tartarus |   2013 |   1848 |    165 |    165 |    310 |   6 |  335.5 |
           Zot |   5623 |   4811 |    812 |    658 |   1721 |   5 | 1124.6 |
         Abyss |    343 |    343 |      0 |      0 |    148 |   3 |  114.3 |
   Pandemonium |   5525 |   5525 |      0 |    111 |   1068 |  14 |  394.6 |
      Ziggurat |    297 |    297 |      0 |     68 |      0 |   7 |   42.4 |
    Desolation |   1054 |   1054 |      0 |    230 |    100 |   1 | 1054.0 |
               +--------+--------+--------+--------+--------+-----+--------+

Top non-repeatable levels by time:
   Elf:3: 2306 daAuts
  Tomb:1: 2304 daAuts
Vaults:1: 2264 daAuts
 Crypt:3: 2157 daAuts
Vaults:2: 2071 daAuts
Depths:2: 1793 daAuts
Spider:2: 1761 daAuts
   Zot:3: 1744 daAuts
Vaults:5: 1656 daAuts
Vaults:3: 1651 daAuts
Depths:3: 1606 daAuts
 Crypt:1: 1564 daAuts
Depths:4: 1433 daAuts
  Lair:4: 1422 daAuts
Spider:4: 1412 daAuts
